Workbook
Name Print_Area: 'APU 2,2'!$A$1:$M$96
Name Print_Area: 'APU 2,3'!$A$1:$M$97
Name Print_Area: 'PRE. OFICIAL '!$A$1:$K$58

Sheet PRE. OFICIAL 
B3: Formulario 1 - Propuesta económica - Documento tipo de selección abreviada de menor cuantía - versión 2
B4: Código | C4: CCE-EICP-FM-25 | D4: Versión | E4: 3
B6: FORMULARIO 1
B7: PRESUPUESTO OFICIAL SAMC - 10 - 2025
B8: CONTRATO DE OBRA DE INSTALACIÒN DE RED SEMAFORICA CARRERA 100 # 43 - 770 ZONA SUR DELMUNICIPIO DE APARTADO
B10: Adicionalmente, cuando el proceso de contratación es estructurado por precios unitarios, la Entidad debe aplicar las notas 1, 2 y 3 del presente formulario y las casillas de "Descripción", "Porcentaje" de la Administración, Imprevisto, Utilidad y total A.I.U. resaltadas en colo amarillo. Tratándose de otras modalidades de precio, la Entidad puede o no configurar los mismos aspectos.
B12: Nº | C12: ITEM DE PAGO | D12: ESPECIFICACIONES | F12: DESCRIPCION | G12: UND. | H12: CANTIDAD | I12: VALOR UNITARIO | J12: VALOR TOTAL
D13: GENERAL | E13: PARTICULAR
B14: 1. IMPLEMENTO DE SEGURIDAD
B15: 1 | C15: 1.1 | F15: EQUIPO DE CONTROL PARA 16 GRUPOS SUMINISTRO DE CONTROLADOR, ELECTRONICO CON CAPACIDAD PARA 16 FASES VEHICULARES O PEATONALES CON PROGRAMAS EN LA CPU,AGENDA DE PROGRAMACIÓN DIARIA,SEMANAL Y DÍAS FESTIVO; MODOS DE OPERACIÓN COORDINADOS, CIRCUITOS DE SUPERVISIÓN DE VERDES CONFLICTIVOS, RUTINA DE SEGURIDAD POR FALLA DE LÁMPARAS ROJAS, GABINETE METALICO. INCLUYE MODULO DE ENTRADAS (4 IN) Y SALIDAS (24 OUT). INCLUYE UPS PARA REGULADOR DE VOLTAJE, | G15: UN | H15: 1 | I15: =1*'APU 1,1 '!N74 -> 58559407 | J15: =+I15*H15 -> 58559407
B16: 1 | C16: 1.2 | F16: SERVICIO DE PROGRAMACION Y PARAMETRIZACION DE PLANEAMIENTO DE TRAFICO, MATRICES DE SEGURIDAD, 5 PLANES DE SEÑALES,. INCLUYE SOFTWARE EN ESPAÑOL PARA PROGRAMAR EN EQUIPO. INCLUYE CAPACITACION CON PRACTICA | G16: GL | H16: 1 | I16: =1*'APU 1,2'!N74 -> 4948866 | J16: =+H16*I16 -> 4948866
B17: 1 | C17: 1.3 | F17: LINEA TRANSVERSAL DEMARCACION VIAL, LINEAS TRANSVERSAL DE PARE Y CEBRAS, Y PICTOGRAMAS DE GIRO. | G17: C/U | H17: 5 | I17: =1*'APU 1,3'!N73 -> 1475911 | J17: =+I17*H17 -> 7379555
B18: Subtotal | J18: =+J15+J16+J17 -> 70887828
B19: 2. CONSTRUCCION DE OBRAS CIVILES PARA LOS SEMAFOROS
B20: 2 | C20: 2.1 | F20: CONSTRUCCION DE BASE CONCRETO REFORSADO PARA GABINETE DE CONTROL (HERRAJES METAICOS PARA FIJAR 60x30x70 CON PLATINA) . | G20: GL | H20: 1 | I20: =1*'APU 2,1'!N75 -> 2197590 | J20: =+I20*H20 -> 2197590
B21: 2 | C21: 2.2 | F21: MONTAJE DE POSTE DE CONCRETO 510KGF PARA APOYO REDES AEREAS | G21: GL | H21: 2 | I21: 1811387 | J21: 3622773
B22: 2 | C22: 2.3 | F22: CONSTRUCCION BASE EN CONCRETO PARA POSTE DE SEMAFOROS TIPO T1 O T2 ( INCLUYE: (ARMADURA 90X90X70 CON PLATINA DE SUJECION 1/2X3/8, CONCRETO 3000 PSI,OBRAS DE ACABADO Y RECOLECCION DE ESCOMBROS ). | G22: UN | H22: 6 | I22: =1*'APU 2,3'!M73 -> 4139769 | J22: =+I22*H22 -> 24838614
B23: 2 | C23: 2.4 | F23: CONSTRUCCION CANALIZACION ANDEN CONCRETO O ADOQUIN, CONCRETO DE 3000 PSI (e=15 cm). Incluye TPVC de 2". | G23: ML | H23: 50 | I23: =1*'APU 2,4'!M73 -> 226646 | J23: =+I23*H23 -> 11332300
B24: 2 | C24: 2.5 | F24: CONSTRUCCION DE VESTIDA SECUNDARIAS PARA POSTES EXISTENTE DONDESE APOYAN LOS CABLES DE CONTROL A REDES AERES | G24: GL | H24: 1 | I24: =1*'APU 2,5'!M73 -> 2619903 | J24: 2578546
B26: Subtotal | J26: =+J20+J21+J22+J23+J24 -> 44569823
B27: 3.MONTAJE E INSTALACIONES DE SOPORTE DE FIJACION Y MODULOS TIPO LED
B28: 3 | C28: 3.1 | F28: MONTAJE E INSTALACION DE POSTE METALICO TIPO T2 (Ménsula) BRAZO DE 4,5 m., fabricado en dos secciones.en tuberia de 4" .primera parte de 3,6mts y parte de arriba a 4,5 y 3".Pintado en colores Blanco y Negro ( Incluye materiales) | G28: UN | H28: 4 | I28: =1*'APU 3,1'!M73 -> 4337625 | J28: =+I28*H28 -> 17350500
B29: 3 | C29: 3.2 | F29: MONTAJE E INSTALACION DE SEMAFORO VEHICULAR TIPO S1, policarbonato, 3 colores,diametro 200 mm con soporte de fijacion Mastil, tipo iluminacion led ( Incluye materiales) | G29: UN | H29: 3 | I29: =1*'APU 3,2'!M73 -> 2152638 | J29: 6419767
B30: 3 | C30: 3.3 | F30: MONTAJE E INSTALACION DE SEMAFORO VEHICULAR TIPO S1, policarbonato, 3 colores,diametro 200 mm con soporte de fijacion Mastil, tipo iluminacion led ( Incluye materiales) | G30: UN | H30: 4 | I30: =1*'APU 3,3'!M73 -> 3513751 | J30: =+I30*H30 -> 14055004
B31: 3 | C31: 3.4 | F31: SUMINISTRO E INSTALACION DE SEMAFORO VEHICULAR TIPO S2, POLICARBONATO, 3 COLORES, DIAMETRO 200 MM CON SOPORTES DE FIJACION MENSULA, TIPO DE ILUMINACION A LED ( Incluye materiales) | G31: UN | H31: 5 | I31: =1*'APU 3,4'!M63 -> 3932443 | J31: =+I31*H31 -> 19662215
B32: 3 | C32: 3.5 | F32: MONTAJE E INSTALACION DE SEMAFORO PEATONAL TIPO S3, policarbonato, 2 colores,diametro 200 mm con soportes de fijacion Mastil,tipo iluminacion a led ( incluye materiales) | G32: UN | H32: 6 | I32: =1*'APU 3,5'!M63 -> 3312063 | J32: =+I32*H32 -> 19872378
B33: 3 | C33: 3.6 | F33: MONTAJE E INSTALACION DE MODULO LED PARA SEMAFOROS VEHICULAR 200MM Tricolor Amarillo pleno contador decreciente en rojo y en verde( incluye materiales ) | G33: UN | H33: 5 | I33: =1*'APU 3,6'!M73 -> 1777163 | J33: =+I33*H33 -> 8885815
B34: 3 | C34: 3.7 | F34: MONTAJE Y TENDIDO DE CABLE ELECTRICO 4X16 awg para control semaforico vehicular (incluye materiales ) | G34: ML | H34: 380 | I34: =1*'APU 3,7'!M73 -> 19000 | J34: =+I34*H34 -> 7220000
B35: 3 | C35: 3.8 | F35: MONTAJE Y TENDIDO DE CABLE ELECTRICO 3X16 awg para control de semaforos peatonal ( Incluye materiales) | G35: ML | H35: 300 | I35: =1*'APU 3,8'!M73 -> 17078 | J35: =+I35*H35 -> 5123400
B36: 3 | C36: 3.9 | F36: MONTAJE Y TENDIDO DE CABLE ELECT. 2X8 AWG para la acometida | G36: ML | H36: 30 | I36: =1*'APU 3,9'!M73 -> 93301 | J36: =+I36*H36 -> 2799030
B37: 3 | C37: 3.10 | F37: MONTAJE E INSTALACION DE UN SISTEMA DE ENERGIA CON EL GABINETE CONTADOR,TOTALIZADOR EN POSTE Y SU LGALIZACION. INCLUYE MATERIALES | G37: GL | H37: 1 | I37: =1*'APU 3,10'!M74 -> 2826170 | J37: =+I37*H37 -> 2826170
B39: Subtotal | J39: =SUM(J28:J38) -> 104214279
B40: SUBTOTAL OBRAS | J40: =+J39+J26+J18 -> 219671930
F42: ADMIN | I42: 0.17 | J42: =+J40*17% -> 37344228
F43: IMPREVISTO | I43: 0
F44: UTILIDAD | I44: 0.05 | J44: =+J40*5% -> 10983596
F45: SUBTOTAL OBRAS (INCLUYE IVA) | J45: =+J44+J42+J40 -> 2.6799975e+08
F49: VALOR TOTAL | J49: =1*J45 -> 2.6799975e+08
B52: NOTA 1: Se debe tener en cuenta que el PRECIO UNITARIO incluye el valor de A.I.U. | G52: DESCRIPCION | J52: PORCENTAJE
B53: NOTA 2: Cuando la fracción decimal del peso sea igual o superior a 5 se aproximara por exceso al número entero siguiente del peso y cuando la fracción decimal del peso sea inferior a 5 se aproximará por defecto al número entero del peso. | G53: ADMINISTRACION | I53: A= | J53: 0.17
B54: NOTA 3: El A.I.U y su discriminación deben estar en porcentaje (%). | G54: IMPREVISTO | I54: I= | J54: 0
G55: UTILIDAD | I55: U= | J55: 0.05
G56: TOTAL A.I.U | I56: A.I.U.= | J56: 0.22

Sheet APU 1,1 
B3: Formulario 1 - Propuesta económica - Documento tipo de selección abreviada de menor cuantía - versión 3
B4: Código | C4: CCE-EICP-FM-25 | D4: Versión | E4: 3
B6: ='[6]1,1'!B6:N6 -> 0
C8: MUICIPIO DE APARTADO
C9: SAMC-010-2025
K10: VERSIÓN
C11: [NÚMERO DEL PROCESO]
K12: PÁGINA | L12: 1 | M12: DE | N12: 1
C14: ANALISIS DE PRECIOS UNITARIOS
K16: FECHA | L16: DD | M16: MM | N16: AA
B18: ITEMS DE LA PROPUESTA ECONÓMICA | H18: ITEMS NO PREVISTOS
B22: DATOS ESPECÍFICOS
B24: ITEM | C24: DESCRIPCIÓN | L24: UNIDAD | N24: CANTIDAD
B25: 1.1 | C25: ='PRE. OFICIAL '!$F$15 -> EQUIPO DE CONTROL PARA 16 GRUPOS SUMINISTRO DE CONTROLADOR, ELECTRONICO CON CAPACIDAD PARA 16 FASES VEHICULARES O PEATONALES CON PROGRAMAS EN LA CPU,AGENDA DE PROGRAMACIÓN DIARIA,SEMANAL Y DÍAS FESTIVO; MODOS DE OPERACIÓN COORDINADOS, CIRCUITOS DE SUPERVISIÓN DE VERDES CONFLICTIVOS, RUTINA DE SEGURIDAD POR FALLA DE LÁMPARAS ROJAS, GABINETE METALICO. INCLUYE MODULO DE ENTRADAS (4 IN) Y SALIDAS (24 OUT). INCLUYE UPS PARA REGULADOR DE VOLTAJE,
B26: I. EQUIPO
B29: DESCRIPCIÓN | G29: MARCA | I29: TIPO | K29: TARIFA/HORA | L29: RENDIMIENTO | N29: Vr. UNITARIO
B30: HERRAMIENTA MENOR | I30: H/U | K30: 450000 | L30: 0.9 | N30: =TRUNC(K30*L30) -> 405000
B31: TALADROS | I31: H/U | N31: =+K31*L31 -> 0
B32: ESCALERAS Y ANDAMIOS | I32: H/U | N32: =+K32*L32 -> 0
B33: ARNES Y ELEMENTOS DE SUJECIÓN | I33: H/U | N33: =+K33*L33 -> 0
B34: CARRO GRUA | I34: H/U | K34: 40000 | L34: 0.9 | N34: =K34*L34 -> 36000
B35: SUBTOTAL $ | N35: =SUM(N30:N34) -> 441000
B36: II. MATERIALES
B39: DESCRIPCIÓN | J39: UNIDAD | K39: CANTIDAD | L39: PRECIO UNIT. | N39: Vr. UNITARIO
B40: CONTROLADOR ELEC. 16 FASES PARA SEMAFOROS | J40: H/U | K40: 1 | L40: 46850000 | N40: =K40*L40 -> 46850000
B41: GAB MET.DE CONTROL | J41: H/U | K41: 1 | L41: 3360000 | N41: =K41*L41 -> 3360000
B42: REGLETAS 25 PARESPORTA FUXIBLES | J42: H/U | K42: 2 | L42: 900000 | N42: =K42*L42 -> 1800000
B43: CIRCUITOS ELECTRICOS CON BREACKER | J43: H/U | K43: 1 | L43: 1150000 | N43: =K43*L43 -> 1150000
B44: PUESTA ATIERRA DELOS EQUIPOS ELECTRONICOS | J44: H/U | K44: 1 | L44: 450000 | N44: =K44*L44 -> 450000
B45: SUBTOTAL $ | N45: =SUM(N40:N44) -> 53610000
B46: III. TRANSPORTES
B49: MATERIAL | I49: UNIDAD | J49: UNIDAD | K49: CANTIDAD | L49: PRECIO UNIT. | N49: Vr. UNITARIO
B50: T.SITIO OBRA | K50: 1 | L50: =350000+110167 -> 460167 | N50: =K50*L50 -> 460167
B52: SUBTOTAL $ | N52: =SUM(N50:N51) -> 460167
B53: IV. MANO DE OBRA
B56: TRABAJADOR | I56: JORNAL | J56: PRESTACIONES | K56: JORNAL TOTAL | L56: RENDIMIENTO | N56: Vr. UNITARIO
B57: Tecnologo en Montaje obras de bogota | I57: 2495137.7 | J57: =I57*0.75 -> 1871353.2 | L57: 0.8 | N57: =TRUNC((I57+J57)*L57,0) -> 3493192
B58: Oficial de primera | I58: 81334 | J58: =TRUNC(I58*0.75,0) -> 61000 | L58: 1.5 | N58: =TRUNC((I58+J58)*L58,0) -> 213501
B59: Ayudante entendido. | I59: 54880 | J59: =TRUNC(I59*0.75,0) -> 41160 | L59: 1.5 | N59: =TRUNC((I59+J59)*L59,0) -> 144060
B60: Ayudante Raso. | I60: 48160 | J60: =TRUNC(I60*0.75,0) -> 36120 | L60: 0.75 | N60: =TRUNC((I60+J60)*L60,0) -> 63210
B61: Gestor Salud ocupacional | I61: 98372 | J61: =TRUNC(I61*0.75,0) -> 73779 | L61: 0.78 | N61: =TRUNC((I61+J61)*L61,0) -> 134277
B62: SUBTOTAL $ | N62: =SUM(N57:N61) -> 4048240
B64: TOTAL COSTO DIRECTO $ | N64: =N62+N52+N45+N35 -> 58559407
B65: V. COSTOS INDIRECTOS
B68: Descripción | K68: Porcentaje | L68: Valor Total
B69: ADMINISTRACION | K69: 0.16 | N69: =L69 -> 0
B70: IMPREVISTOS | K70: 0 | N70: =L70 -> 0
B71: UTILIDAD | K71: 0.05 | N71: =L71 -> 0
B72: SUBTOTAL $ | N72: =SUM(N69:N71) -> 0
B74: Precio Unitario Total Aproximado al peso $ | N74: =N64+N72 -> 58559407
N79: a
B83: OBSERVACIONES INTERVENTORÍA
B87: APROBACIÓN POR INTERVENTORÍA
B88: Nota 1: Cuando se trate de Análisis de precios unitarios correspondientes a ítems de la propuesta económica aprobada, el Interventor aprueba el desglose de los componentes manteniendo el mismo precio unitario de cada ítem, cumpliendo con las especificaciones de construcción vigentes para el proyecto.
B90: Nota 2: Cuando se trate de Análisis de precios unitarios de ítems no previstos, el Interventor aprueba el desglose y precio unitario de cada ítem no previsto, exigiendo la aplicación de los costos correspondientes a insumos y tarifas de la propuesta económica inicial cuando estén contemplados, cumpliendo con las especificaciones de construcción vigente para el proyecto.

Sheet APU 1,2
B3: Formulario 1 - Propuesta económica - Documento tipo de selección abreviada de menor cuantía - versión 3
B4: Código | C4: CCE-EICP-FM-25 | D4: Versión | E4: 3
B6: ='[6]1,1'!B6:N6 -> 0
C10: SAMC-010-2025 | K10: VERSIÓN
C11: [NÚMERO DEL PROCESO]
K12: PÁGINA | L12: 1 | M12: DE | N12: 1
C14: ANALISIS DE PRECIOS UNITARIOS
K16: FECHA | L16: DD | M16: MM | N16: AA
B18: ITEMS DE LA PROPUESTA ECONÓMICA | H18: ITEMS NO PREVISTOS
B22: DATOS ESPECÍFICOS
B24: ITEM | C24: DESCRIPCIÓN | L24: UNIDAD | N24: CANTIDAD
B25: 1.2 | C25: SERVICIO DE PROGRAMACION Y PARAMETRIZACION DE PLANEAMIENTO DE TRAFICO, MATRICES DE SEGURIDAD, 5 PLANES DE SEÑALES,. INCLUYE SOFTWARE EN ESPAÑOL PARA PROGRAMAR EN EQUIPO. INCLUYE CAPACITACION CON PRACTICA
B26: I. EQUIPO
B29: DESCRIPCIÓN | G29: MARCA | I29: TIPO | K29: TARIFA/HORA | L29: RENDIMIENTO | N29: Vr. UNITARIO
B30: HERRAMIENTA MENOR | I30: H/U | K30: 450000 | L30: 0.9 | N30: =TRUNC(K30*L30) -> 405000
B31: TALADROS | I31: H/U | N31: =+K31*L31 -> 0
B32: ESCALERAS Y ANDAMIOS | I32: H/U | N32: =+K32*L32 -> 0
B33: ARNES Y ELEMENTOS DE SUJECIÓN | I33: H/U | N33: =+K33*L33 -> 0
B34: CARRO GRUA | I34: H/U | K34: 40000 | L34: 0 | N34: =K34*L34 -> 0
B35: SUBTOTAL $ | N35: =SUM(N30:N34) -> 405000
B36: II. MATERIALES
B39: DESCRIPCIÓN | J39: UNIDAD | K39: CANTIDAD | L39: PRECIO UNIT. | N39: Vr. UNITARIO
J40: H/U | N40: =K40*L40 -> 0
J41: H/U | N41: =K41*L41 -> 0
J42: H/U | N42: =K42*L42 -> 0
J43: H/U | N43: =K43*L43 -> 0
J44: H/U | N44: =K44*L44 -> 0
B45: SUBTOTAL $ | N45: =SUM(N40:N44) -> 0
B46: III. TRANSPORTES
B49: MATERIAL | I49: UNIDAD | J49: UNIDAD | K49: CANTIDAD | L49: PRECIO UNIT. | N49: Vr. UNITARIO
B50: T.SITIO OBRA | K50: 1 | L50: 35135 | N50: =K50*L50 -> 35135
B52: SUBTOTAL $ | N52: =SUM(N50:N51) -> 35135
B53: IV. MANO DE OBRA
B56: TRABAJADOR | I56: JORNAL | J56: PRESTACIONES | K56: JORNAL TOTAL | L56: RENDIMIENTO | N56: Vr. UNITARIO
B57: Tecnologo en Montaje obras de bogota | I57: =2350000+550000-137000+27250-20438 -> 2769812 | J57: =I57*0.75 -> 2077359 | L57: 0.9 | N57: =TRUNC((I57+J57)*L57,0) -> 4362453
B58: Oficial de primera | I58: 72668 | J58: =I58*0.75 -> 54501 | L58: 1 | N58: =TRUNC((I58+J58)*L58,0) -> 127169
B59: Ayudante entendido. | I59: 49050 | J59: =I59*0.75 -> 36787.5 | L59: 0.11 | N59: =TRUNC((I59+J59)*L59,0) -> 9442
B60: Ayudante Raso. | I60: 41965 | J60: =I60*0.75 -> 31473.75 | L60: 0.11 | N60: =TRUNC((I60+J60)*L60,0) -> 8078
B61: Gestor Salud ocupacional | I61: 90832 | J61: =I61*0.75 -> 68124 | L61: 0.01 | N61: =TRUNC((I61+J61)*L61,0) -> 1589
B62: SUBTOTAL $ | N62: =SUM(N57:N61) -> 4508731
B64: TOTAL COSTO DIRECTO $ | N64: =N62+N52+N45+N35 -> 4948866
B65: V. COSTOS INDIRECTOS
B68: Descripción | K68: Porcentaje | L68: Valor Total
B69: ADMINISTRACION | K69: 0.16 | N69: =L69 -> 0
B70: IMPREVISTOS | K70: 0 | N70: =L70 -> 0
B71: UTILIDAD | K71: 0.05 | N71: =L71 -> 0
B72: SUBTOTAL $ | N72: =SUM(N69:N71) -> 0
B74: Precio Unitario Total Aproximado al peso $ | N74: =N64+N72 -> 4948866
N79: a
B83: OBSERVACIONES INTERVENTORÍA
B87: APROBACIÓN POR INTERVENTORÍA
B88: Nota 1: Cuando se trate de Análisis de precios unitarios correspondientes a ítems de la propuesta económica aprobada, el Interventor aprueba el desglose de los componentes manteniendo el mismo precio unitario de cada ítem, cumpliendo con las especificaciones de construcción vigentes para el proyecto.
B90: Nota 2: Cuando se trate de Análisis de precios unitarios de ítems no previstos, el Interventor aprueba el desglose y precio unitario de cada ítem no previsto, exigiendo la aplicación de los costos correspondientes a insumos y tarifas de la propuesta económica inicial cuando estén contemplados, cumpliendo con las especificaciones de construcción vigente para el proyecto.

Sheet APU 1,3
B3: Formulario 1 - Propuesta económica - Documento tipo de selección abreviada de menor cuantía - versión 3
B4: Código | C4: CCE-EICP-FM-25 | D4: Versión | E4: 3
B6: ='[6]1,1'!B6:N6 -> 0
C8: MUICIPIO DE APARTADO
C9: SAMC-010-2025
K10: VERSIÓN
C11: [NÚMERO DEL PROCESO]
K12: PÁGINA | L12: 1 | M12: DE | N12: 1
C14: ANALISIS DE PRECIOS UNITARIOS
K16: FECHA | L16: DD | M16: MM | N16: AA
B18: ITEMS DE LA PROPUESTA ECONÓMICA | H18: ITEMS NO PREVISTOS
B22: DATOS ESPECÍFICOS
B24: ITEM | C24: DESCRIPCIÓN | L24: UNIDAD | N24: CANTIDAD
B25: 1.2 | C25: DEMARCACION VIAL, LINEA DE PARE Y CEBRAS, PICTOGRAMAS DE GIRO
B26: I. EQUIPO
B29: DESCRIPCIÓN | G29: MARCA | I29: TIPO | K29: TARIFA/HORA | L29: RENDIMIENTO | N29: Vr. UNITARIO
B30: HERRAMIENTA MENOR | I30: H/U | K30: 65000 | L30: 0.9 | N30: =TRUNC(K30*L30) -> 58500
B31: TALADROS | I31: H/U | N31: =+K31*L31 -> 0
B32: ESCALERAS Y ANDAMIOS | I32: H/U | N32: =+K32*L32 -> 0
B33: ARNES Y ELEMENTOS DE SUJECIÓN | I33: H/U | N33: =+K33*L33 -> 0
B34: CARRO GRUA | I34: H/U | K34: 40000 | L34: 0 | N34: =K34*L34 -> 0
B35: SUBTOTAL $ | N35: =SUM(N30:N34) -> 58500
B36: II. MATERIALES
J39: UNIDAD | K39: CANTIDAD | L39: PRECIO UNIT. | N39: Vr. UNITARIO
B40: PINTURA BLANCA | J40: H/U | K40: 3 | L40: 169800 | N40: =K40*L40 -> 509400
B41: PINTURA NEGRA | J41: H/U | K41: 1 | L41: 69800 | N41: =K41*L41 -> 69800
B42: TINER Y BROCHAS | J42: H/U | K42: 1 | L42: 150000 | N42: =K42*L42 -> 150000
B43: BASE NEGRA | J43: H/U | K43: 1 | L43: 135000 | N43: =K43*L43 -> 135000
B44: ESTOPAS Y TRAPEROS | J44: H/U | K44: 1 | L44: 75000 | N44: =K44*L44 -> 75000
B45: SUBTOTAL $ | N45: =SUM(N40:N44) -> 939200
B46: III. TRANSPORTES
B49: MATERIAL | I49: UNIDAD | J49: UNIDAD | K49: CANTIDAD | L49: PRECIO UNIT. | N49: Vr. UNITARIO
B50: T.SITIO OBRA | K50: 1 | L50: 55000 | N50: =K50*L50 -> 55000
B52: SUBTOTAL $ | N52: =SUM(N50:N51) -> 55000
B53: IV. MANO DE OBRA
B56: TRABAJADOR | I56: JORNAL | J56: PRESTACIONES | K56: JORNAL TOTAL | L56: RENDIMIENTO | N56: Vr. UNITARIO
B57: Oficial de primera | I57: 72668 | J57: =I57*0.75 -> 54501 | L57: 1.2 | N57: =TRUNC((I57+J57)*L57,0) -> 152602
B58: Ayudante entendido. | I58: 49050 | J58: =I58*0.75 -> 36787.5 | L58: 1.2 | N58: =TRUNC((I58+J58)*L58,0) -> 103005
B59: Ayudante Raso. | I59: 41965 | J59: =I59*0.75 -> 31473.75 | L59: 1.2 | N59: =TRUNC((I59+J59)*L59,0) -> 88126
B60: Gestor Salud ocupacional | I60: 90832 | J60: =I60*0.75 -> 68124 | L60: 0.5 | N60: =TRUNC((I60+J60)*L60,0) -> 79478
B61: SUBTOTAL $ | N61: =SUM(N57:N60) -> 423211
B63: TOTAL COSTO DIRECTO $ | N63: =N61+N52+N45+N35 -> 1475911
B64: V. COSTOS INDIRECTOS
B67: Descripción | K67: Porcentaje | L67: Valor Total
B68: ADMINISTRACION | K68: 0.16 | N68: =L68 -> 0
B69: IMPREVISTOS | K69: 0 | N69: =L69 -> 0
B70: UTILIDAD | K70: 0.05 | N70: =L70 -> 0
B71: SUBTOTAL $ | N71: =SUM(N68:N70) -> 0
B73: Precio Unitario Total Aproximado al peso $ | N73: =N63+N71 -> 1475911
B82: OBSERVACIONES INTERVENTORÍA
B86: APROBACIÓN POR INTERVENTORÍA
B87: Nota 1: Cuando se trate de Análisis de precios unitarios correspondientes a ítems de la propuesta económica aprobada, el Interventor aprueba el desglose de los componentes manteniendo el mismo precio unitario de cada ítem, cumpliendo con las especificaciones de construcción vigentes para el proyecto.
B89: Nota 2: Cuando se trate de Análisis de precios unitarios de ítems no previstos, el Interventor aprueba el desglose y precio unitario de cada ítem no previsto, exigiendo la aplicación de los costos correspondientes a insumos y tarifas de la propuesta económica inicial cuando estén contemplados, cumpliendo con las especificaciones de construcción vigente para el proyecto.

Sheet APU 2,1
B3: Formulario 1 - Propuesta económica - Documento tipo de selección abreviada de menor cuantía - versión 3
B4: Código | C4: CCE-EICP-FM-25 | D4: Versión | E4: 3
B6: ='[6]1,1'!B6:N6 -> 0
C8: MUICIPIO DE APARTADO
C9: SAMC-010-2025
K10: VERSIÓN
C11: [NÚMERO DEL PROCESO]
K12: PÁGINA | L12: 1 | M12: DE | N12: 1
C14: ANALISIS DE PRECIOS UNITARIOS
K16: FECHA | L16: DD | M16: MM | N16: AA
B18: ITEMS DE LA PROPUESTA ECONÓMICA | H18: ITEMS NO PREVISTOS
B22: DATOS ESPECÍFICOS
B24: ITEM | C24: DESCRIPCIÓN | L24: UNIDAD | N24: CANTIDAD
B25: 1.2 | C25: CONSTRUCCION HERRAJES METALICOS PARA FIJAR GABINETE DE CONTROL 60*30*70 CON PLATINA.
B26: I. EQUIPO
B29: DESCRIPCIÓN | G29: MARCA | I29: TIPO | K29: TARIFA/HORA | L29: RENDIMIENTO | N29: Vr. UNITARIO
B30: HERRAMIENTA MENOR | I30: H/U | K30: 45000 | L30: 0.9 | N30: =TRUNC(K30*L30) -> 40500
B31: TALADROS | I31: H/U | N31: =+K31*L31 -> 0
B32: ESCALERAS Y ANDAMIOS | I32: H/U | N32: =+K32*L32 -> 0
B33: ARNES Y ELEMENTOS DE SUJECIÓN | I33: H/U | N33: =+K33*L33 -> 0
B34: CARRO GRUA | I34: H/U | K34: 60000 | L34: 1 | N34: =+K34*L34 -> 60000
B35: SUBTOTAL $ | N35: =SUM(N30:N34) -> 100500
B36: II. MATERIALES
B39: DESCRIPCIÓN | J39: UNIDAD | K39: CANTIDAD | L39: PRECIO UNIT. | N39: Vr. UNITARIO
J40: H/U | K40: 1 | L40: 215000 | N40: =K40*L40 -> 215000
B41: ARMADURA DE HIERRO CON PINTURA ANTICORRUSIVA | J41: H/U | K41: 1 | L41: 289500 | N41: =K41*L41 -> 289500
B42: TUBOS IMC 2" | J42: ML | K42: 4 | L42: =350000/3 -> 116666.67 | N42: =TRUNC((K42*L42),0) -> 466666
B43: PINTURA GRIS BASALTO | J43: H/U | K43: 1 | L43: 45000 | N43: =K43*L43 -> 45000
B44: CORAZA METALICA 11/2 CON CONECTORES | J44: H/U | K44: 4 | L44: =350000/2 -> 175000 | N44: =K44*L44 -> 700000
N45: =K45*L45 -> 0
N46: =K46*L46 -> 0
B47: SUBTOTAL $ | N47: =SUM(N40:N46) -> 1716166
B48: III. TRANSPORTES
B51: MATERIAL | I51: UNIDAD | J51: UNIDAD | K51: CANTIDAD | L51: PRECIO UNIT. | N51: Vr. UNITARIO
B52: T.SITIO OBRA | K52: 1 | L52: =15000+2 -> 15002 | N52: =K52*L52 -> 15002
B54: SUBTOTAL $ | N54: =SUM(N52:N53) -> 15002
B55: IV. MANO DE OBRA
B58: TRABAJADOR | I58: JORNAL | J58: PRESTACIONES | K58: JORNAL TOTAL | L58: RENDIMIENTO | N58: Vr. UNITARIO
B59: Oficial de primera | I59: 72668 | J59: =I59*0.75 -> 54501 | L59: 1 | N59: =TRUNC((I59+J59)*L59,0) -> 127169
B60: Ayudante entendido. | I60: 49050 | J60: =I60*0.75 -> 36787.5 | L60: 1 | N60: =TRUNC((I60+J60)*L60,0) -> 85837
B61: Ayudante Raso. | I61: 41965 | J61: =I61*0.75 -> 31473.75 | L61: 1 | N61: =TRUNC((I61+J61)*L61,0) -> 73438
B62: Gestor Salud ocupacional | I62: 90832 | J62: =I62*0.75 -> 68124 | L62: 0.5 | N62: =TRUNC((I62+J62)*L62,0) -> 79478
B63: SUBTOTAL $ | N63: =SUM(N59:N62) -> 365922
B65: TOTAL COSTO DIRECTO $ | N65: =N63+N54+N47+N35 -> 2197590
B66: V. COSTOS INDIRECTOS
B69: Descripción | K69: Porcentaje | L69: Valor Total
B70: ADMINISTRACION | K70: 0.16 | N70: =L70 -> 0
B71: IMPREVISTOS | K71: 0 | N71: =L71 -> 0
B72: UTILIDAD | K72: 0.05 | N72: =L72 -> 0
B73: SUBTOTAL $ | N73: =SUM(N70:N72) -> 0
B75: Precio Unitario Total Aproximado al peso $ | N75: =N65+N73 -> 2197590
N80: a
B84: OBSERVACIONES INTERVENTORÍA
B88: APROBACIÓN POR INTERVENTORÍA
B89: Nota 1: Cuando se trate de Análisis de precios unitarios correspondientes a ítems de la propuesta económica aprobada, el Interventor aprueba el desglose de los componentes manteniendo el mismo precio unitario de cada ítem, cumpliendo con las especificaciones de construcción vigentes para el proyecto.
B91: Nota 2: Cuando se trate de Análisis de precios unitarios de ítems no previstos, el Interventor aprueba el desglose y precio unitario de cada ítem no previsto, exigiendo la aplicación de los costos correspondientes a insumos y tarifas de la propuesta económica inicial cuando estén contemplados, cumpliendo con las especificaciones de construcción vigente para el proyecto.

Sheet APU 2,2
A2: Formulario 1 - Propuesta económica - Documento tipo de selección abreviada de menor cuantía - versión 3
A3: Código | B3: CCE-EICP-FM-25 | C3: Versión | D3: 3
B7: MUICIPIO DE APARTADO
B8: SAMC-010-2025
J9: VERSIÓN
B10: [NÚMERO DEL PROCESO]
B11: SAMC-010-2025 | J11: PÁGINA | K11: 1 | L11: DE | M11: 1
B13: ANALISIS DE PRECIOS UNITARIOS
J15: FECHA | K15: DD | L15: MM | M15: AA
A17: ITEMS DE LA PROPUESTA ECONÓMICA | G17: ITEMS NO PREVISTOS
A21: DATOS ESPECÍFICOS
A23: ITEM | B23: DESCRIPCIÓN | K23: UNIDAD | M23: CANTIDAD
A24: 1.2 | B24: CONSTRUCCION HERRAJES METALICOS PARA FIJAR GABINETE DE CONTROL 60*30*70 CON PLATINA.
A25: I. EQUIPO
A28: DESCRIPCIÓN | F28: MARCA | H28: TIPO | J28: TARIFA/HORA | K28: RENDIMIENTO | M28: Vr. UNITARIO
A29: HERRAMIENTA MENOR | H29: H/U | J29: 35000 | K29: 0.9 | M29: =TRUNC(J29*K29) -> 31500
A30: TALADROS | H30: H/U | M30: =+J30*K30 -> 0
A31: ESCALERAS Y ANDAMIOS | H31: H/U | M31: =+J31*K31 -> 0
A32: ARNES Y ELEMENTOS DE SUJECIÓN | H32: H/U | M32: =+J32*K32 -> 0
A33: CARRO GRUA | H33: H/U | J33: 60000 | K33: 4 | M33: =+J33*K33 -> 240000
A34: SUBTOTAL $ | M34: =SUM(M29:M33) -> 271500
A35: II. MATERIALES
A38: DESCRIPCIÓN | I38: UNIDAD | J38: CANTIDAD | K38: PRECIO UNIT. | M38: Vr. UNITARIO
A40: POSTE 8MTS | I40: UN | J40: 1 | K40: 990000 | M40: =J40*K40 -> 990000
A41: HERRAJES METALICOS CON ACCESORIOS | I41: UN | J41: 1 | K41: 291832 | M41: =J41*K41 -> 291832
M42: =J42*K42 -> 0
M43: =J43*K43 -> 0
A44: SUBTOTAL $ | M44: =SUM(M39:M43) -> 1281832
A45: III. TRANSPORTES
A48: MATERIAL | H48: UNIDAD | I48: UNIDAD | J48: CANTIDAD | K48: PRECIO UNIT. | M48: Vr. UNITARIO
A49: T.SITIO OBRA | J49: 1 | K49: 49500 | M49: =J49*K49 -> 49500
A51: SUBTOTAL $ | M51: =SUM(M49:M50) -> 49500
A52: IV. MANO DE OBRA
A55: TRABAJADOR | H55: JORNAL | I55: PRESTACIONES | J55: JORNAL TOTAL | K55: RENDIMIENTO | M55: Vr. UNITARIO
A56: Oficial de primera | H56: 72668 | I56: =H56*0.75 -> 54501 | K56: 0.6 | M56: =TRUNC((H56+I56)*K56,0) -> 76301
A57: Ayudante entendido. | H57: 49050 | I57: =H57*0.75 -> 36787.5 | K57: 0.5 | M57: =TRUNC((H57+I57)*K57,0) -> 42918
A58: Ayudante Raso. | H58: 41965 | I58: =H58*0.75 -> 31473.75 | K58: 1 | M58: =TRUNC((H58+I58)*K58,0) -> 73438
A59: Gestor Salud ocupacional | H59: 90832 | I59: =H59*0.75 -> 68124 | K59: 0.1 | M59: =TRUNC((H59+I59)*K59,0) -> 15895
A60: SUBTOTAL $ | M60: =SUM(M56:M59) -> 208552
A62: TOTAL COSTO DIRECTO $ | M62: =M60+M51+M44+M34 -> 1811384
A63: V. COSTOS INDIRECTOS
A66: Descripción | J66: Porcentaje | K66: Valor Total
A67: ADMINISTRACION | J67: 0.16 | M67: =K67 -> 0
A68: IMPREVISTOS | J68: 0 | M68: =K68 -> 0
A69: UTILIDAD | J69: 0.05 | M69: =K69 -> 0
A70: SUBTOTAL $ | M70: =SUM(M67:M69) -> 0
A72: Precio Unitario Total Aproximado al peso $ | M72: =M62+M70 -> 1811384
M77: a
A81: OBSERVACIONES INTERVENTORÍA
A85: APROBACIÓN POR INTERVENTORÍA
A86: Nota 1: Cuando se trate de Análisis de precios unitarios correspondientes a ítems de la propuesta económica aprobada, el Interventor aprueba el desglose de los componentes manteniendo el mismo precio unitario de cada ítem, cumpliendo con las especificaciones de construcción vigentes para el proyecto.
A88: Nota 2: Cuando se trate de Análisis de precios unitarios de ítems no previstos, el Interventor aprueba el desglose y precio unitario de cada ítem no previsto, exigiendo la aplicación de los costos correspondientes a insumos y tarifas de la propuesta económica inicial cuando estén contemplados, cumpliendo con las especificaciones de construcción vigente para el proyecto.

Sheet APU 2,3
A3: Formulario 1 - Propuesta económica - Documento tipo de selección abreviada de menor cuantía - versión 3
A4: Código | B4: CCE-EICP-FM-25 | C4: Versión | D4: 3
B8: MUICIPIO DE APARTADO
B9: SAMC-010-2025
J10: VERSIÓN
B11: [NÚMERO DEL PROCESO]
B12: SAMC-010-2025 | J12: PÁGINA | K12: 1 | L12: DE | M12: 1
B14: ANALISIS DE PRECIOS UNITARIOS
J16: FECHA | K16: DD | L16: MM | M16: AA
A18: ITEMS DE LA PROPUESTA ECONÓMICA | G18: ITEMS NO PREVISTOS
A22: DATOS ESPECÍFICOS
A24: ITEM | B24: DESCRIPCIÓN | K24: UNIDAD | M24: CANTIDAD
A25: 1.2 | B25: CONSTRUCCION BASE EN CONCRETO POSTE TIPO T1 O T2 (INCLUYE: (ARMADURA 90*90*70 CON PLATINA DE 1/2*3/8, CONCRETO 3000 psi, FUNDIDA Y A COBRIZADA
A26: I. EQUIPO
A29: DESCRIPCIÓN | F29: MARCA | H29: TIPO | J29: TARIFA/HORA | K29: RENDIMIENTO | M29: Vr. UNITARIO
A30: HERRAMIENTA MENOR | H30: H/U | J30: 35000 | K30: 0.9 | M30: =TRUNC(J30*K30) -> 31500
A31: FORMALETA PARA FUNDIR | H31: H/U | J31: 350000 | K31: 1 | M31: =+J31*K31 -> 350000
A32: ESCALERAS Y ANDAMIOS | H32: H/U | M32: =+J32*K32 -> 0
A33: ARNES Y ELEMENTOS DE SUJECIÓN | H33: H/U | M33: =+J33*K33 -> 0
A34: CARRO GRUA | H34: H/U | J34: 60000 | K34: 5 | M34: =+J34*K34 -> 300000
A35: SUBTOTAL $ | M35: =SUM(M30:M34) -> 681500
A36: II. MATERIALES
A39: DESCRIPCIÓN | I39: UNIDAD | J39: CANTIDAD | K39: PRECIO UNIT. | M39: Vr. UNITARIO
A40: CONCRETO | I40: ML | J40: 2 | K40: 750000 | M40: =J40*K40 -> 1500000
A41: ARMADORA DE FIJACION METALICA TIPO ARAÑA | I41: UN | J41: 1 | K41: 950000 | M41: =J41*K41 -> 950000
A42: PINTURA AMARILLA | I42: GL | J42: 1 | K42: 350000 | M42: =J42*K42 -> 350000
M43: =J43*K43 -> 0
M44: =J44*K44 -> 0
A45: SUBTOTAL $ | M45: =SUM(M40:M44) -> 2800000
A46: III. TRANSPORTES
A49: MATERIAL | H49: UNIDAD | I49: UNIDAD | J49: CANTIDAD | K49: PRECIO UNIT. | M49: Vr. UNITARIO
A50: T.SITIO OBRA | J50: 1 | K50: 305000 | M50: =J50*K50 -> 305000
A52: SUBTOTAL $ | M52: =SUM(M50:M51) -> 305000
A53: IV. MANO DE OBRA
A56: TRABAJADOR | H56: JORNAL | I56: PRESTACIONES | J56: JORNAL TOTAL | K56: RENDIMIENTO | M56: Vr. UNITARIO
A57: Oficial de primera | H57: 72668 | I57: =H57*0.75 -> 54501 | K57: 0.9 | M57: =TRUNC((H57+I57)*K57,0) -> 114452
A58: Ayudante entendido. | H58: 49050 | I58: =H58*0.75 -> 36787.5 | K58: 1.2 | M58: =TRUNC((H58+I58)*K58,0) -> 103005
A59: Ayudante Raso. | H59: 41965 | I59: =H59*0.75 -> 31473.75 | K59: 1.2 | M59: =TRUNC((H59+I59)*K59,0) -> 88126
A60: Gestor Salud ocupacional | H60: 90832 | I60: =H60*0.75 -> 68124 | K60: 0.3 | M60: =TRUNC((H60+I60)*K60,0) -> 47686
A61: SUBTOTAL $ | M61: =SUM(M57:M60) -> 353269
A63: TOTAL COSTO DIRECTO $ | M63: =M61+M52+M45+M35 -> 4139769
A64: V. COSTOS INDIRECTOS
A67: Descripción | J67: Porcentaje | K67: Valor Total
A68: ADMINISTRACION | J68: 0.16 | M68: =K68 -> 0
A69: IMPREVISTOS | J69: 0 | M69: =K69 -> 0
A70: UTILIDAD | J70: 0.05 | M70: =K70 -> 0
A71: SUBTOTAL $ | M71: =SUM(M68:M70) -> 0
A73: Precio Unitario Total Aproximado al peso $ | M73: =M63+M71 -> 4139769
M78: a
A82: OBSERVACIONES INTERVENTORÍA
A86: APROBACIÓN POR INTERVENTORÍA
A87: Nota 1: Cuando se trate de Análisis de precios unitarios correspondientes a ítems de la propuesta económica aprobada, el Interventor aprueba el desglose de los componentes manteniendo el mismo precio unitario de cada ítem, cumpliendo con las especificaciones de construcción vigentes para el proyecto.
A89: Nota 2: Cuando se trate de Análisis de precios unitarios de ítems no previstos, el Interventor aprueba el desglose y precio unitario de cada ítem no previsto, exigiendo la aplicación de los costos correspondientes a insumos y tarifas de la propuesta económica inicial cuando estén contemplados, cumpliendo con las especificaciones de construcción vigente para el proyecto.

Sheet APU 2,4
A3: Formulario 1 - Propuesta económica - Documento tipo de selección abreviada de menor cuantía - versión 3
A4: Código | B4: CCE-EICP-FM-25 | C4: Versión | D4: 3
B8: MUICIPIO DE APARTADO
B9: SAMC-010-2025
J10: VERSIÓN
B11: [NÚMERO DEL PROCESO]
J12: PÁGINA | K12: 1 | L12: DE | M12: 1
B14: ANALISIS DE PRECIOS UNITARIOS
J16: FECHA | K16: DD | L16: MM | M16: AA
A18: ITEMS DE LA PROPUESTA ECONÓMICA | G18: ITEMS NO PREVISTOS
A22: DATOS ESPECÍFICOS
A24: ITEM | B24: DESCRIPCIÓN | K24: UNIDAD | M24: CANTIDAD
A25: 1.2 | B25: CONSTRUCCION CANALIZACION ANDEN CONCRETO O ADOQUIN, CONCRETO DE 3000 PSI (e=15 cm). Incluye TPVC de 2". Trafico Pesado
A26: I. EQUIPO
A29: DESCRIPCIÓN | F29: MARCA | H29: TIPO | J29: TARIFA/HORA | K29: RENDIMIENTO | M29: Vr. UNITARIO
A30: HERRAMIENTA MENOR | H30: H/U | J30: 35000 | K30: 1 | M30: =TRUNC(J30*K30) -> 35000
A31: TALADROS | H31: H/U | M31: =+J31*K31 -> 0
A32: ESCALERAS Y ANDAMIOS | H32: H/U | M32: =+J32*K32 -> 0
A33: ARNES Y ELEMENTOS DE SUJECIÓN | H33: H/U | M33: =+J33*K33 -> 0
A34: CARRO GRUA | H34: H/U | J34: 40000 | K34: 0 | M34: =+J34*K34 -> 0
A35: SUBTOTAL $ | M35: =SUM(M30:M34) -> 35000
A36: II. MATERIALES
A39: DESCRIPCIÓN | I39: UNIDAD | J39: CANTIDAD | K39: PRECIO UNIT. | M39: Vr. UNITARIO
A40: CONCRETO | I40: UN | J40: 1 | K40: 50000 | M40: =J40*K40 -> 50000
A41: TUBERIA PVC DB 2" | I41: ML | J41: 1 | K41: 15000 | M41: =J41*K41 -> 15000
A42: CURVA PVC 2 -PEGAS | I42: GL | J42: 1 | K42: 9850 | M42: =J42*K42 -> 9850
M43: =J43*K43 -> 0
M44: =J44*K44 -> 0
A45: SUBTOTAL $ | M45: =SUM(M40:M44) -> 74850
A46: III. TRANSPORTES
A49: MATERIAL | H49: UNIDAD | I49: UNIDAD | J49: CANTIDAD | K49: PRECIO UNIT. | M49: Vr. UNITARIO
A50: T.SITIO OBRA | J50: 1 | K50: 15000 | M50: =J50*K50 -> 15000
A52: SUBTOTAL $ | M52: =SUM(M50:M51) -> 15000
A53: IV. MANO DE OBRA
A56: TRABAJADOR | H56: JORNAL | I56: PRESTACIONES | J56: JORNAL TOTAL | K56: RENDIMIENTO | M56: Vr. UNITARIO
A57: Oficial de primera | H57: 72668 | I57: =H57*0.75 -> 54501 | K57: 0.12 | M57: =TRUNC((H57+I57)*K57,0) -> 15260
A58: Ayudante entendido. | H58: 49050 | I58: =H58*0.75 -> 36787.5 | K58: 0.12 | M58: =TRUNC((H58+I58)*K58,0) -> 10300
A59: Ayudante Raso. | H59: 41965 | I59: =H59*0.75 -> 31473.75 | K59: 0.8 | M59: =TRUNC((H59+I59)*K59,0) -> 58751
A60: Gestor Salud ocupacional | H60: 90832 | I60: =H60*0.75 -> 68124 | K60: 0.11 | M60: =TRUNC((H60+I60)*K60,0) -> 17485
A61: SUBTOTAL $ | M61: =SUM(M57:M60) -> 101796
A63: TOTAL COSTO DIRECTO $ | M63: =M61+M52+M45+M35 -> 226646
A64: V. COSTOS INDIRECTOS
A67: Descripción | J67: Porcentaje | K67: Valor Total
A68: ADMINISTRACION | J68: 0.16 | M68: =K68 -> 0
A69: IMPREVISTOS | J69: 0 | M69: =K69 -> 0
A70: UTILIDAD | J70: 0.05 | M70: =K70 -> 0
A71: SUBTOTAL $ | M71: =SUM(M68:M70) -> 0
A73: Precio Unitario Total Aproximado al peso $ | M73: =M63+M71 -> 226646
M78: a
A82: OBSERVACIONES INTERVENTORÍA
A86: APROBACIÓN POR INTERVENTORÍA
A87: Nota 1: Cuando se trate de Análisis de precios unitarios correspondientes a ítems de la propuesta económica aprobada, el Interventor aprueba el desglose de los componentes manteniendo el mismo precio unitario de cada ítem, cumpliendo con las especificaciones de construcción vigentes para el proyecto.
A89: Nota 2: Cuando se trate de Análisis de precios unitarios de ítems no previstos, el Interventor aprueba el desglose y precio unitario de cada ítem no previsto, exigiendo la aplicación de los costos correspondientes a insumos y tarifas de la propuesta económica inicial cuando estén contemplados, cumpliendo con las especificaciones de construcción vigente para el proyecto.

Sheet APU 2,5
A3: Formulario 1 - Propuesta económica - Documento tipo de selección abreviada de menor cuantía - versión 3
A4: Código | B4: CCE-EICP-FM-25 | C4: Versión | D4: 3
B8: MUICIPIO DE APARTADO
B9: SAMC-010-2025
J10: VERSIÓN
B11: [NÚMERO DEL PROCESO]
B12: SAMC-010-2025 | J12: PÁGINA | K12: 1 | L12: DE | M12: 1
B14: ANALISIS DE PRECIOS UNITARIOS
J16: FECHA | K16: DD | L16: MM | M16: AA
A18: ITEMS DE LA PROPUESTA ECONÓMICA | G18: ITEMS NO PREVISTOS
A22: DATOS ESPECÍFICOS
A24: ITEM | B24: DESCRIPCIÓN | K24: UNIDAD | M24: CANTIDAD
A25: 1.2 | B25: CONSTRUCCION DE VESTIDA SECUNDARIAS PARA POSTES EXISTENTE DONDESE APOYAN LOS CABLES DE CONTROL A REDES AERES
A26: I. EQUIPO
A29: DESCRIPCIÓN | F29: MARCA | H29: TIPO | J29: TARIFA/HORA | K29: RENDIMIENTO | M29: Vr. UNITARIO
A30: HERRAMIENTA MENOR | H30: H/U | J30: 35000 | K30: 0.3 | M30: =TRUNC(J30*K30) -> 10500
A31: TALADROS | H31: H/U | M31: =+J31*K31 -> 0
A32: ESCALERAS Y ANDAMIOS | H32: H/U | M32: =+J32*K32 -> 0
A33: ARNES Y ELEMENTOS DE SUJECIÓN | H33: H/U | J33: 45000 | K33: 1 | M33: =+J33*K33 -> 45000
A34: CARRO GRUA | H34: H/U | J34: 130000 | K34: 1 | M34: =+J34*K34 -> 130000
A35: SUBTOTAL $ | M35: =SUM(M30:M34) -> 185500
A36: II. MATERIALES
A39: DESCRIPCIÓN | I39: UNIDAD | J39: CANTIDAD | K39: PRECIO UNIT. | M39: Vr. UNITARIO
A40: HERRAJES DE FIJACION | I40: GL | J40: 1 | K40: 250000 | M40: =J40*K40 -> 250000
A41: AISLADOR YOYO CON PERCHAS Y TORNILLERIAS GALV. | I41: GL | J41: 6 | K41: 185900 | M41: =J41*K41 -> 1115400
A42: CORREAS DE AMARRES | I42: GL | J42: 1 | K42: 165000 | M42: =J42*K42 -> 165000
M43: =J43*K43 -> 0
M44: =J44*K44 -> 0
A45: SUBTOTAL $ | M45: =SUM(M40:M44) -> 1530400
A46: III. TRANSPORTES
A49: MATERIAL | H49: UNIDAD | I49: UNIDAD | J49: CANTIDAD | K49: PRECIO UNIT. | M49: Vr. UNITARIO
A50: T.SITIO OBRA | J50: 1 | K50: =25000+28641 -> 53641 | M50: =J50*K50 -> 53641
A52: SUBTOTAL $ | M52: =SUM(M50:M51) -> 53641
A53: IV. MANO DE OBRA
A56: TRABAJADOR | H56: JORNAL | I56: PRESTACIONES | J56: JORNAL TOTAL | K56: RENDIMIENTO | M56: Vr. UNITARIO
A57: Oficial de primera | H57: 72668 | I57: =H57*0.75 -> 54501 | K57: 0.2 | M57: =TRUNC((H57+I57)*K57,0) -> 25433
A58: Ayudante entendido. | H58: 49050 | I58: =H58*0.75 -> 36787.5 | K58: 8 | M58: =TRUNC((H58+I58)*K58,0) -> 686700
A59: Ayudante Raso. | H59: 41965 | I59: =H59*0.75 -> 31473.75 | K59: 0.8 | M59: =TRUNC((H59+I59)*K59,0) -> 58751
A60: Gestor Salud ocupacional | H60: 90832 | I60: =H60*0.75 -> 68124 | K60: 0.5 | M60: =TRUNC((H60+I60)*K60,0) -> 79478
A61: SUBTOTAL $ | M61: =SUM(M57:M60) -> 850362
A63: TOTAL COSTO DIRECTO $ | M63: =M61+M52+M45+M35 -> 2619903
A64: V. COSTOS INDIRECTOS
A67: Descripción | J67: Porcentaje | K67: Valor Total
A68: ADMINISTRACION | J68: 0.16 | M68: =K68 -> 0
A69: IMPREVISTOS | J69: 0 | M69: =K69 -> 0
A70: UTILIDAD | J70: 0.05 | M70: =K70 -> 0
A71: SUBTOTAL $ | M71: =SUM(M68:M70) -> 0
A73: Precio Unitario Total Aproximado al peso $ | M73: =M63+M71 -> 2619903
M78: a
A82: OBSERVACIONES INTERVENTORÍA
A86: APROBACIÓN POR INTERVENTORÍA
A87: Nota 1: Cuando se trate de Análisis de precios unitarios correspondientes a ítems de la propuesta económica aprobada, el Interventor aprueba el desglose de los componentes manteniendo el mismo precio unitario de cada ítem, cumpliendo con las especificaciones de construcción vigentes para el proyecto.
A89: Nota 2: Cuando se trate de Análisis de precios unitarios de ítems no previstos, el Interventor aprueba el desglose y precio unitario de cada ítem no previsto, exigiendo la aplicación de los costos correspondientes a insumos y tarifas de la propuesta económica inicial cuando estén contemplados, cumpliendo con las especificaciones de construcción vigente para el proyecto.

Sheet APU 3,1
A3: Formulario 1 - Propuesta económica - Documento tipo de selección abreviada de menor cuantía - versión 3
A4: Código | B4: CCE-EICP-FM-25 | C4: Versión | D4: 3
B9: MUICIPIO DE APARTADO
B10: SAMC-010-2025 | J10: VERSIÓN
J12: PÁGINA | K12: 1 | L12: DE | M12: 1
B14: ANALISIS DE PRECIOS UNITARIOS
J16: FECHA | K16: DD | L16: MM | M16: AA
A18: ITEMS DE LA PROPUESTA ECONÓMICA | G18: ITEMS NO PREVISTOS
A22: DATOS ESPECÍFICOS
A24: ITEM | B24: DESCRIPCIÓN | K24: UNIDAD | M24: CANTIDAD
A25: 1.2 | B25: SUMINISTRO E INSTALACION DE POSTE METALICO TIPO T2 (Ménsula) BRAZO DE 4,5 m., FABRICADO EN DOS SECCIONES CON TUBERIA A.N DE 4" Y 3", .Pintado en colores Blanco y Negro.
A26: I. EQUIPO
A29: DESCRIPCIÓN | F29: MARCA | H29: TIPO | J29: TARIFA/HORA | K29: RENDIMIENTO | M29: Vr. UNITARIO
A30: HERRAMIENTA MENOR | H30: H/U | J30: 35000 | K30: 0.3 | M30: =TRUNC(J30*K30) -> 10500
A31: TALADROS | H31: H/U | M31: =+J31*K31 -> 0
A32: ESCALERAS Y ANDAMIOS | H32: H/U | M32: =+J32*K32 -> 0
A33: ARNES Y ELEMENTOS DE SUJECIÓN | H33: H/U | M33: =+J33*K33 -> 0
A34: CARRO GRUA | H34: H/U | J34: 60000 | K34: 3 | M34: =+J34*K34 -> 180000
A35: SUBTOTAL $ | M35: =SUM(M30:M34) -> 190500
A36: II. MATERIALES
A39: DESCRIPCIÓN | I39: UNIDAD | J39: CANTIDAD | K39: PRECIO UNIT. | M39: Vr. UNITARIO
A40: P.MET.T2MENSULA | I40: UN | J40: 1 | K40: 3332000 | M40: =J40*K40 -> 3332000
A41: BASE Y TORNILLOS | I41: GL | J41: 1 | K41: 250000 | M41: =J41*K41 -> 250000
M43: =J43*K43 -> 0
M44: =J44*K44 -> 0
A45: SUBTOTAL $ | M45: =SUM(M40:M44) -> 3582000
A46: III. TRANSPORTES
A49: MATERIAL | H49: UNIDAD | I49: UNIDAD | J49: CANTIDAD | K49: PRECIO UNIT. | M49: Vr. UNITARIO
A50: T.SITIO OBRA | J50: 1 | K50: 35000 | M50: =J50*K50 -> 35000
A52: SUBTOTAL $ | M52: =SUM(M50:M51) -> 35000
A53: IV. MANO DE OBRA
A56: TRABAJADOR | H56: JORNAL | I56: PRESTACIONES | J56: JORNAL TOTAL | K56: RENDIMIENTO | M56: Vr. UNITARIO
A57: Oficial de primera | H57: 72668 | I57: =H57*0.75 -> 54501 | K57: 1.04 | M57: =TRUNC((H57+I57)*K57,0) -> 132255
A58: Ayudante entendido. | H58: 49050 | I58: =H58*0.75 -> 36787.5 | K58: 1.5 | M58: =TRUNC((H58+I58)*K58,0) -> 128756
A59: Ayudante Raso. | H59: 41965 | I59: =H59*0.75 -> 31473.75 | K59: 1.5 | M59: =TRUNC((H59+I59)*K59,0) -> 110158
A60: Gestor Salud ocupacional | H60: 90832 | I60: =H60*0.75 -> 68124 | K60: 1 | M60: =TRUNC((H60+I60)*K60,0) -> 158956
A61: SUBTOTAL $ | M61: =SUM(M57:M60) -> 530125
A63: TOTAL COSTO DIRECTO $ | M63: =M61+M52+M45+M35 -> 4337625
A64: V. COSTOS INDIRECTOS
A67: Descripción | J67: Porcentaje | K67: Valor Total
A68: ADMINISTRACION | J68: 0.16 | M68: =K68 -> 0
A69: IMPREVISTOS | J69: 0 | M69: =K69 -> 0
A70: UTILIDAD | J70: 0.05 | M70: =K70 -> 0
A71: SUBTOTAL $ | M71: =SUM(M68:M70) -> 0
A73: Precio Unitario Total Aproximado al peso $ | M73: =M63+M71 -> 4337625
M78: a
A82: OBSERVACIONES INTERVENTORÍA
A86: APROBACIÓN POR INTERVENTORÍA
A87: Nota 1: Cuando se trate de Análisis de precios unitarios correspondientes a ítems de la propuesta económica aprobada, el Interventor aprueba el desglose de los componentes manteniendo el mismo precio unitario de cada ítem, cumpliendo con las especificaciones de construcción vigentes para el proyecto.
A89: Nota 2: Cuando se trate de Análisis de precios unitarios de ítems no previstos, el Interventor aprueba el desglose y precio unitario de cada ítem no previsto, exigiendo la aplicación de los costos correspondientes a insumos y tarifas de la propuesta económica inicial cuando estén contemplados, cumpliendo con las especificaciones de construcción vigente para el proyecto.

Sheet APU 3,2
A3: Formulario 1 - Propuesta económica - Documento tipo de selección abreviada de menor cuantía - versión 3
A4: Código | B4: CCE-EICP-FM-25 | C4: Versión | D4: 3
B9: MUICIPIO DE APARTADO
B10: SAMC-010-2025 | J10: VERSIÓN
J12: PÁGINA | K12: 1 | L12: DE | M12: 1
B14: ANALISIS DE PRECIOS UNITARIOS
J16: FECHA | K16: DD | L16: MM | M16: AA
A18: ITEMS DE LA PROPUESTA ECONÓMICA | G18: ITEMS NO PREVISTOS
A22: DATOS ESPECÍFICOS
A24: ITEM | B24: DESCRIPCIÓN | K24: UNIDAD | M24: CANTIDAD
A25: 1.2 | B25: SUMINISTRO E INSTALACION DE POSTE METALICO TIPO T1 (Mastil) de 3,6 m, de 3, pintado en colores blanco y negro.
A26: I. EQUIPO
A29: DESCRIPCIÓN | F29: MARCA | H29: TIPO | J29: TARIFA/HORA | K29: RENDIMIENTO | M29: Vr. UNITARIO
A30: HERRAMIENTA MENOR | H30: H/U | J30: 35000 | K30: 0.3 | M30: =TRUNC(J30*K30) -> 10500
A31: TALADROS | H31: H/U | M31: =+J31*K31 -> 0
A32: ESCALERAS Y ANDAMIOS | H32: H/U | M32: =+J32*K32 -> 0
A33: ARNES Y ELEMENTOS DE SUJECIÓN | H33: H/U | M33: =+J33*K33 -> 0
A34: CARRO GRUA | H34: H/U | J34: 60000 | K34: 2 | M34: =+J34*K34 -> 120000
A35: SUBTOTAL $ | M35: =SUM(M30:M34) -> 130500
A36: II. MATERIALES
A39: DESCRIPCIÓN | I39: UNIDAD | J39: CANTIDAD | K39: PRECIO UNIT. | M39: Vr. UNITARIO
A40: P.MET.T2MENSULA | I40: UN | J40: 1 | K40: 1469650 | M40: =J40*K40 -> 1469650
A41: BASE Y TORNILLOS | I41: GL | J41: 1 | K41: 50000 | M41: =J41*K41 -> 50000
A42: ACCESORIOS DE FIJACION | J42: 1 | K42: 15000 | M42: =J42*K42 -> 15000
M43: =J43*K43 -> 0
M44: =J44*K44 -> 0
A45: SUBTOTAL $ | M45: =SUM(M40:M44) -> 1534650
A46: III. TRANSPORTES
A49: MATERIAL | H49: UNIDAD | I49: UNIDAD | J49: CANTIDAD | K49: PRECIO UNIT. | M49: Vr. UNITARIO
A50: T.SITIO OBRA | J50: 1 | K50: 29211 | M50: =J50*K50 -> 29211
A52: SUBTOTAL $ | M52: =SUM(M50:M51) -> 29211
A53: IV. MANO DE OBRA
A56: TRABAJADOR | H56: JORNAL | I56: PRESTACIONES | J56: JORNAL TOTAL | K56: RENDIMIENTO | M56: Vr. UNITARIO
A57: Oficial de primera | H57: 72668 | I57: =H57*0.75 -> 54501 | K57: 1.1 | M57: =TRUNC((H57+I57)*K57,0) -> 139885
A58: Ayudante entendido. | H58: 49050 | I58: =H58*0.75 -> 36787.5 | K58: 1.5 | M58: =TRUNC((H58+I58)*K58,0) -> 128756
A59: Ayudante Raso. | H59: 41965 | I59: =H59*0.75 -> 31473.75 | K59: 1.5 | M59: =TRUNC((H59+I59)*K59,0) -> 110158
A60: Gestor Salud ocupacional | H60: 90832 | I60: =H60*0.75 -> 68124 | K60: 0.5 | M60: =TRUNC((H60+I60)*K60,0) -> 79478
A61: SUBTOTAL $ | M61: =SUM(M57:M60) -> 458277
A63: TOTAL COSTO DIRECTO $ | M63: =M61+M52+M45+M35 -> 2152638
A64: V. COSTOS INDIRECTOS
A67: Descripción | J67: Porcentaje | K67: Valor Total
A68: ADMINISTRACION | J68: 0.16 | M68: =K68 -> 0
A69: IMPREVISTOS | J69: 0 | M69: =K69 -> 0
A70: UTILIDAD | J70: 0.05 | M70: =K70 -> 0
A71: SUBTOTAL $ | M71: =SUM(M68:M70) -> 0
A73: Precio Unitario Total Aproximado al peso $ | M73: =M63+M71 -> 2152638
M78: a
A82: OBSERVACIONES INTERVENTORÍA
A86: APROBACIÓN POR INTERVENTORÍA
A87: Nota 1: Cuando se trate de Análisis de precios unitarios correspondientes a ítems de la propuesta económica aprobada, el Interventor aprueba el desglose de los componentes manteniendo el mismo precio unitario de cada ítem, cumpliendo con las especificaciones de construcción vigentes para el proyecto.
A89: Nota 2: Cuando se trate de Análisis de precios unitarios de ítems no previstos, el Interventor aprueba el desglose y precio unitario de cada ítem no previsto, exigiendo la aplicación de los costos correspondientes a insumos y tarifas de la propuesta económica inicial cuando estén contemplados, cumpliendo con las especificaciones de construcción vigente para el proyecto.

Sheet APU 3,3
A3: Formulario 1 - Propuesta económica - Documento tipo de selección abreviada de menor cuantía - versión 3
A4: Código | B4: CCE-EICP-FM-25 | C4: Versión | D4: 3
B9: MUICIPIO DE APARTADO
B10: SAMC-010-2025 | J10: VERSIÓN
J12: PÁGINA | K12: 1 | L12: DE | M12: 1
B14: ANALISIS DE PRECIOS UNITARIOS
J16: FECHA | K16: DD | L16: MM | M16: AA
A18: ITEMS DE LA PROPUESTA ECONÓMICA | G18: ITEMS NO PREVISTOS
A22: DATOS ESPECÍFICOS
A24: ITEM | B24: DESCRIPCIÓN | K24: UNIDAD | M24: CANTIDAD
A25: 1.2 | B25: SUMINISTRO E INSTALACION DE SEMAFORO VEHICULAR TIPO S1, POLICARBONATO, 3 COLORES DIAMETRO 200 MM CON SOPORTES DE FIJACION MASTIL, TIPO DE ILUMINACION A LA RED.
A26: I. EQUIPO
A29: DESCRIPCIÓN | F29: MARCA | H29: TIPO | J29: TARIFA/HORA | K29: RENDIMIENTO | M29: Vr. UNITARIO
A30: HERRAMIENTA MENOR | H30: H/U | J30: 35000 | K30: 0.3 | M30: =TRUNC(J30*K30) -> 10500
A31: TALADROS | H31: H/U | M31: =+J31*K31 -> 0
A32: ESCALERAS Y ANDAMIOS | H32: H/U | M32: =+J32*K32 -> 0
A33: ARNES Y ELEMENTOS DE SUJECIÓN | H33: H/U | M33: =+J33*K33 -> 0
A34: CARRO GRUA | H34: H/U | J34: 60000 | K34: 1 | M34: =+J34*K34 -> 60000
A35: SUBTOTAL $ | M35: =SUM(M30:M34) -> 70500
A36: II. MATERIALES
A39: DESCRIPCIÓN | I39: UNIDAD | J39: CANTIDAD | K39: PRECIO UNIT. | M39: Vr. UNITARIO
A40: SEMAFOROS TIPO S1 | I40: UN | J40: 1 | K40: 1115100 | M40: =J40*K40 -> 1115100
A41: SOPORTE TIPO PATO | I41: UN | J41: 2 | K41: 55000 | M41: =J41*K41 -> 110000
A42: PANEL LED ROJO,VERD,AMARILLO | I42: UN | J42: 3 | K42: 659000 | M42: =J42*K42 -> 1977000
M43: =J43*K43 -> 0
M44: =J44*K44 -> 0
A45: SUBTOTAL $ | M45: =SUM(M40:M44) -> 3202100
A46: III. TRANSPORTES
A49: MATERIAL | H49: UNIDAD | I49: UNIDAD | J49: CANTIDAD | K49: PRECIO UNIT. | M49: Vr. UNITARIO
A50: T.SITIO OBRA | J50: 1 | K50: =5000+1 -> 5001 | M50: =J50*K50 -> 5001
A52: SUBTOTAL $ | M52: =SUM(M50:M51) -> 5001
A53: IV. MANO DE OBRA
A56: TRABAJADOR | H56: JORNAL | I56: PRESTACIONES | J56: JORNAL TOTAL | K56: RENDIMIENTO | M56: Vr. UNITARIO
A57: Oficial de primera | H57: 72668 | I57: =H57*0.75 -> 54501 | K57: 1 | M57: =TRUNC((H57+I57)*K57,0) -> 127169
A58: Ayudante entendido. | H58: 49050 | I58: =H58*0.75 -> 36787.5 | K58: 0.4 | M58: =TRUNC((H58+I58)*K58,0) -> 34335
A59: Ayudante Raso. | H59: 41965 | I59: =H59*0.75 -> 31473.75 | K59: 0.8 | M59: =TRUNC((H59+I59)*K59,0) -> 58751
A60: Gestor Salud ocupacional | H60: 90832 | I60: =H60*0.75 -> 68124 | K60: 0.1 | M60: =TRUNC((H60+I60)*K60,0) -> 15895
A61: SUBTOTAL $ | M61: =SUM(M57:M60) -> 236150
A63: TOTAL COSTO DIRECTO $ | M63: =M61+M52+M45+M35 -> 3513751
A64: V. COSTOS INDIRECTOS
A67: Descripción | J67: Porcentaje | K67: Valor Total
A68: ADMINISTRACION | J68: 0.16 | M68: =K68 -> 0
A69: IMPREVISTOS | J69: 0 | M69: =K69 -> 0
A70: UTILIDAD | J70: 0.05 | M70: =K70 -> 0
A71: SUBTOTAL $ | M71: =SUM(M68:M70) -> 0
A73: Precio Unitario Total Aproximado al peso $ | M73: =M63+M71 -> 3513751
M78: a
A82: OBSERVACIONES INTERVENTORÍA
A86: APROBACIÓN POR INTERVENTORÍA
A87: Nota 1: Cuando se trate de Análisis de precios unitarios correspondientes a ítems de la propuesta económica aprobada, el Interventor aprueba el desglose de los componentes manteniendo el mismo precio unitario de cada ítem, cumpliendo con las especificaciones de construcción vigentes para el proyecto.
A89: Nota 2: Cuando se trate de Análisis de precios unitarios de ítems no previstos, el Interventor aprueba el desglose y precio unitario de cada ítem no previsto, exigiendo la aplicación de los costos correspondientes a insumos y tarifas de la propuesta económica inicial cuando estén contemplados, cumpliendo con las especificaciones de construcción vigente para el proyecto.

Sheet APU 3,4
A3: Formulario 1 - Propuesta económica - Documento tipo de selección abreviada de menor cuantía - versión 3
A4: Código | B4: CCE-EICP-FM-25 | C4: Versión | D4: 3
B9: MUICIPIO DE APARTADO
B10: SAMC-010-2025 | J10: VERSIÓN
J12: PÁGINA | K12: 1 | L12: DE | M12: 1
B14: ANALISIS DE PRECIOS UNITARIOS
J16: FECHA | K16: DD | L16: MM | M16: AA
A18: ITEMS DE LA PROPUESTA ECONÓMICA | G18: ITEMS NO PREVISTOS
A22: DATOS ESPECÍFICOS
A24: ITEM | B24: DESCRIPCIÓN | K24: UNIDAD | M24: CANTIDAD
A25: 1.2 | B25: CONSTRUCCION E INSTALACION DE SEMAFORO VEHICULAR TIPO S2, POLICARBONATO. 3 COLORES DIAMETRO MM CON SOPORTES DE FIJACION MENSUAL, TIPO DE ILUMINACION A LED.
A26: I. EQUIPO
A29: DESCRIPCIÓN | F29: MARCA | H29: TIPO | J29: TARIFA/HORA | K29: RENDIMIENTO | M29: Vr. UNITARIO
A30: HERRAMIENTA MENOR | H30: H/U | J30: 35000 | K30: 0.3 | M30: =TRUNC(J30*K30) -> 10500
A31: TALADROS | H31: H/U | M31: =+J31*K31 -> 0
A32: ESCALERAS Y ANDAMIOS | H32: H/U | M32: =+J32*K32 -> 0
A33: ARNES Y ELEMENTOS DE SUJECIÓN | H33: H/U | M33: =+J33*K33 -> 0
A34: CARRO GRUA | H34: H/U | J34: 60000 | K34: 2 | M34: =+J34*K34 -> 120000
A35: SUBTOTAL $ | M35: =SUM(M30:M34) -> 130500
A36: II. MATERIALES
A39: DESCRIPCIÓN | I39: UNIDAD | J39: CANTIDAD | K39: PRECIO UNIT. | M39: Vr. UNITARIO
A40: SEMAFOROS TIPO S2 | I40: UN | J40: 1 | K40: 1062000 | M40: =J40*K40 -> 1062000
A41: SOPORTE TIPO PATO | I41: UN | J41: 2 | K41: 55000 | M41: =J41*K41 -> 110000
A42: PANEL LED ROJO,VERD,AMARILLO | I42: UN | J42: 3 | K42: 700060 | M42: =J42*K42 -> 2100180
A43: SOPORTE MENSULA | I43: UN | J43: 1 | K43: 203100 | M43: =J43*K43 -> 203100
M44: =J44*K44 -> 0
A45: SUBTOTAL $ | M45: =SUM(M40:M44) -> 3475280
A46: III. TRANSPORTES
A49: MATERIAL | H49: UNIDAD | I49: UNIDAD | J49: CANTIDAD | K49: PRECIO UNIT. | M49: Vr. UNITARIO
A50: T.SITIO OBRA | J50: 1 | K50: 24324 | M50: =J50*K50 -> 24324
A52: SUBTOTAL $ | M52: =SUM(M50:M51) -> 24324
A53: IV. MANO DE OBRA
A56: TRABAJADOR | H56: JORNAL | I56: PRESTACIONES | J56: JORNAL TOTAL | K56: RENDIMIENTO | M56: Vr. UNITARIO
A57: Oficial de primera | H57: 72668 | I57: =H57*0.75 -> 54501 | K57: 1 | M57: =TRUNC((H57+I57)*K57,0) -> 127169
A58: Ayudante entendido. | H58: 49050 | I58: =H58*0.75 -> 36787.5 | K58: 1 | M58: =TRUNC((H58+I58)*K58,0) -> 85837
A59: Ayudante Raso. | H59: 41965 | I59: =H59*0.75 -> 31473.75 | K59: 1 | M59: =TRUNC((H59+I59)*K59,0) -> 73438
A60: Gestor Salud ocupacional | H60: 90832 | I60: =H60*0.75 -> 68124 | K60: 0.1 | M60: =TRUNC((H60+I60)*K60,0) -> 15895
A61: SUBTOTAL $ | M61: =SUM(M57:M60) -> 302339
A63: TOTAL COSTO DIRECTO $ | M63: =M61+M52+M45+M35 -> 3932443
A64: V. COSTOS INDIRECTOS
A67: Descripción | J67: Porcentaje | K67: Valor Total
A68: ADMINISTRACION | J68: 0.16 | M68: =K68 -> 0
A69: IMPREVISTOS | J69: 0 | M69: =K69 -> 0
A70: UTILIDAD | J70: 0.05 | M70: =K70 -> 0
A71: SUBTOTAL $ | M71: =SUM(M68:M70) -> 0
A73: Precio Unitario Total Aproximado al peso $ | M73: =M63+M71 -> 3932443
M78: a
A82: OBSERVACIONES INTERVENTORÍA
A86: APROBACIÓN POR INTERVENTORÍA
A87: Nota 1: Cuando se trate de Análisis de precios unitarios correspondientes a ítems de la propuesta económica aprobada, el Interventor aprueba el desglose de los componentes manteniendo el mismo precio unitario de cada ítem, cumpliendo con las especificaciones de construcción vigentes para el proyecto.
A89: Nota 2: Cuando se trate de Análisis de precios unitarios de ítems no previstos, el Interventor aprueba el desglose y precio unitario de cada ítem no previsto, exigiendo la aplicación de los costos correspondientes a insumos y tarifas de la propuesta económica inicial cuando estén contemplados, cumpliendo con las especificaciones de construcción vigente para el proyecto.

Sheet APU 3,5
A3: Formulario 1 - Propuesta económica - Documento tipo de selección abreviada de menor cuantía - versión 3
A4: Código | B4: CCE-EICP-FM-25 | C4: Versión | D4: 3
B9: MUICIPIO DE APARTADO
B10: SAMC-010-2025 | J10: VERSIÓN
J12: PÁGINA | K12: 1 | L12: DE | M12: 1
B14: ANALISIS DE PRECIOS UNITARIOS
J16: FECHA | K16: DD | L16: MM | M16: AA
A18: ITEMS DE LA PROPUESTA ECONÓMICA | G18: ITEMS NO PREVISTOS
A22: DATOS ESPECÍFICOS
A24: ITEM | B24: DESCRIPCIÓN | K24: UNIDAD | M24: CANTIDAD
A25: 1.2 | B25: CONSTRUCCION E INSTALACION DE SEMAFORO VEHICULAR TIPO S3, POLICARBONATO. 3 COLORES DIAMETRO MM CON SOPORTES DE FIJACION MENSUAL, TIPO DE ILUMINACION A LED.
A26: I. EQUIPO
A29: DESCRIPCIÓN | F29: MARCA | H29: TIPO | J29: TARIFA/HORA | K29: RENDIMIENTO | M29: Vr. UNITARIO
A30: HERRAMIENTA MENOR | H30: H/U | J30: 10500 | K30: 0.3 | M30: =TRUNC(J30*K30) -> 3150
A31: TALADROS | H31: H/U | M31: =+J31*K31 -> 0
A32: ESCALERAS Y ANDAMIOS | H32: H/U | M32: =+J32*K32 -> 0
A33: ARNES Y ELEMENTOS DE SUJECIÓN | H33: H/U | M33: =+J33*K33 -> 0
A34: CARRO GRUA | H34: H/U | J34: 60000 | K34: 0 | M34: =+J34*K34 -> 0
A35: SUBTOTAL $ | M35: =SUM(M30:M34) -> 3150
A36: II. MATERIALES
A39: DESCRIPCIÓN | I39: UNIDAD | J39: CANTIDAD | K39: PRECIO UNIT. | M39: Vr. UNITARIO
A40: SEMAFOROS TIPO S3 | I40: UN | J40: 1 | K40: 1115100 | M40: =J40*K40 -> 1115100
A41: SOPORTE TIPO PATO | I41: UN | J41: 2 | K41: 55000 | M41: =J41*K41 -> 110000
A42: PANEL LED ROJO,VERDE,RELOJ | I42: UN | J42: 3 | K42: 583333 | M42: =J42*K42 -> 1749999
M44: =J44*K44 -> 0
A45: SUBTOTAL $ | M45: =SUM(M40:M44) -> 2975099
A46: III. TRANSPORTES
A49: MATERIAL | H49: UNIDAD | I49: UNIDAD | J49: CANTIDAD | K49: PRECIO UNIT. | M49: Vr. UNITARIO
A50: T.SITIO OBRA | J50: 1 | K50: =24125+7350 -> 31475 | M50: =J50*K50 -> 31475
A52: SUBTOTAL $ | M52: =SUM(M50:M51) -> 31475
A53: IV. MANO DE OBRA
A56: TRABAJADOR | H56: JORNAL | I56: PRESTACIONES | J56: JORNAL TOTAL | K56: RENDIMIENTO | M56: Vr. UNITARIO
A57: Oficial de primera | H57: 72668 | I57: =H57*0.75 -> 54501 | K57: 1 | M57: =TRUNC((H57+I57)*K57,0) -> 127169
A58: Ayudante entendido. | H58: 49050 | I58: =H58*0.75 -> 36787.5 | K58: 1 | M58: =TRUNC((H58+I58)*K58,0) -> 85837
A59: Ayudante Raso. | H59: 41965 | I59: =H59*0.75 -> 31473.75 | K59: 1 | M59: =TRUNC((H59+I59)*K59,0) -> 73438
A60: Gestor Salud ocupacional | H60: 90832 | I60: =H60*0.75 -> 68124 | K60: 0.1 | M60: =TRUNC((H60+I60)*K60,0) -> 15895
A61: SUBTOTAL $ | M61: =SUM(M57:M60) -> 302339
A63: TOTAL COSTO DIRECTO $ | M63: =M61+M52+M45+M35 -> 3312063
A64: V. COSTOS INDIRECTOS
A67: Descripción | J67: Porcentaje | K67: Valor Total
A68: ADMINISTRACION | J68: 0.16 | M68: =K68 -> 0
A69: IMPREVISTOS | J69: 0 | M69: =K69 -> 0
A70: UTILIDAD | J70: 0.05 | M70: =K70 -> 0
A71: SUBTOTAL $ | M71: =SUM(M68:M70) -> 0
A73: Precio Unitario Total Aproximado al peso $ | M73: =M63+M71 -> 3312063
M78: a
A82: OBSERVACIONES INTERVENTORÍA
A86: APROBACIÓN POR INTERVENTORÍA
A87: Nota 1: Cuando se trate de Análisis de precios unitarios correspondientes a ítems de la propuesta económica aprobada, el Interventor aprueba el desglose de los componentes manteniendo el mismo precio unitario de cada ítem, cumpliendo con las especificaciones de construcción vigentes para el proyecto.
A89: Nota 2: Cuando se trate de Análisis de precios unitarios de ítems no previstos, el Interventor aprueba el desglose y precio unitario de cada ítem no previsto, exigiendo la aplicación de los costos correspondientes a insumos y tarifas de la propuesta económica inicial cuando estén contemplados, cumpliendo con las especificaciones de construcción vigente para el proyecto.

Sheet APU 3,6
A3: Formulario 1 - Propuesta económica - Documento tipo de selección abreviada de menor cuantía - versión 3
A4: Código | B4: CCE-EICP-FM-25 | C4: Versión | D4: 3
B9: MUICIPIO DE APARTADO
B10: SAMC-010-2025 | J10: VERSIÓN
J12: PÁGINA | K12: 1 | L12: DE | M12: 1
B14: ANALISIS DE PRECIOS UNITARIOS
J16: FECHA | K16: DD | L16: MM | M16: AA
A18: ITEMS DE LA PROPUESTA ECONÓMICA | G18: ITEMS NO PREVISTOS
A22: DATOS ESPECÍFICOS
A24: ITEM | B24: DESCRIPCIÓN | K24: UNIDAD | M24: CANTIDAD
A25: 1.2 | B25: SUMINISTRO E INSTALACION DE MODULO LED PARA SEMAFOROS VEHICULAR 200 MM TRICOLOR AMARILLO PLENO CONTADOR DECRECIENTE EN ROJO Y VERDE.
A26: I. EQUIPO
A29: DESCRIPCIÓN | F29: MARCA | H29: TIPO | J29: TARIFA/HORA | K29: RENDIMIENTO | M29: Vr. UNITARIO
A30: HERRAMIENTA MENOR | H30: H/U | J30: 10500 | K30: 0.3 | M30: =TRUNC(J30*K30) -> 3150
A31: TALADROS | H31: H/U | M31: =+J31*K31 -> 0
A32: ESCALERAS Y ANDAMIOS | H32: H/U | M32: =+J32*K32 -> 0
A33: ARNES Y ELEMENTOS DE SUJECIÓN | H33: H/U | M33: =+J33*K33 -> 0
A34: CARRO GRUA | H34: H/U | J34: 80000 | K34: 2 | M34: =+J34*K34 -> 160000
A35: SUBTOTAL $ | M35: =SUM(M30:M34) -> 163150
A36: II. MATERIALES
A39: DESCRIPCIÓN | I39: UNIDAD | J39: CANTIDAD | K39: PRECIO UNIT. | M39: Vr. UNITARIO
A40: MODULO LED 200MM TRICOLOR CON RELOJ | I40: UN | J40: 1 | K40: 1235000 | M40: =J40*K40 -> 1235000
A41: SOPORTE TIPO CIRCULAR | I41: UN | J41: 1 | K41: 12500 | M41: =J41*K41 -> 12500
M44: =J44*K44 -> 0
A45: SUBTOTAL $ | M45: =SUM(M40:M44) -> 1247500
A46: III. TRANSPORTES
A49: MATERIAL | H49: UNIDAD | I49: UNIDAD | J49: CANTIDAD | K49: PRECIO UNIT. | M49: Vr. UNITARIO
A50: T.SITIO OBRA | J50: 1 | K50: =25000+7350 -> 32350 | M50: =J50*K50 -> 32350
A52: SUBTOTAL $ | M52: =SUM(M50:M51) -> 32350
A53: IV. MANO DE OBRA
A56: TRABAJADOR | H56: JORNAL | I56: PRESTACIONES | J56: JORNAL TOTAL | K56: RENDIMIENTO | M56: Vr. UNITARIO
A57: Oficial de primera | H57: 72668 | I57: =H57*0.75 -> 54501 | K57: 1 | M57: =TRUNC((H57+I57)*K57,0) -> 127169
A58: Ayudante entendido. | H58: 49050 | I58: =H58*0.75 -> 36787.5 | K58: 1.1 | M58: =TRUNC((H58+I58)*K58,0) -> 94421
A59: Ayudante Raso. | H59: 41965 | I59: =H59*0.75 -> 31473.75 | K59: 1.1 | M59: =TRUNC((H59+I59)*K59,0) -> 80782
A60: Gestor Salud ocupacional | H60: 90832 | I60: =H60*0.75 -> 68124 | K60: 0.2 | M60: =TRUNC((H60+I60)*K60,0) -> 31791
A61: SUBTOTAL $ | M61: =SUM(M57:M60) -> 334163
A63: TOTAL COSTO DIRECTO $ | M63: =M61+M52+M45+M35 -> 1777163
A64: V. COSTOS INDIRECTOS
A67: Descripción | J67: Porcentaje | K67: Valor Total
A68: ADMINISTRACION | J68: 0.16 | M68: =K68 -> 0
A69: IMPREVISTOS | J69: 0 | M69: =K69 -> 0
A70: UTILIDAD | J70: 0.05 | M70: =K70 -> 0
A71: SUBTOTAL $ | M71: =SUM(M68:M70) -> 0
A73: Precio Unitario Total Aproximado al peso $ | M73: =M63+M71 -> 1777163
M78: a
A82: OBSERVACIONES INTERVENTORÍA
A86: APROBACIÓN POR INTERVENTORÍA
A87: Nota 1: Cuando se trate de Análisis de precios unitarios correspondientes a ítems de la propuesta económica aprobada, el Interventor aprueba el desglose de los componentes manteniendo el mismo precio unitario de cada ítem, cumpliendo con las especificaciones de construcción vigentes para el proyecto.
A89: Nota 2: Cuando se trate de Análisis de precios unitarios de ítems no previstos, el Interventor aprueba el desglose y precio unitario de cada ítem no previsto, exigiendo la aplicación de los costos correspondientes a insumos y tarifas de la propuesta económica inicial cuando estén contemplados, cumpliendo con las especificaciones de construcción vigente para el proyecto.

Sheet APU 3,7
A3: Formulario 1 - Propuesta económica - Documento tipo de selección abreviada de menor cuantía - versión 3
A4: Código | B4: CCE-EICP-FM-25 | C4: Versión | D4: 3
B9: MUICIPIO DE APARTADO
B10: SAMC-010-2025 | J10: VERSIÓN
J12: PÁGINA | K12: 1 | L12: DE | M12: 1
B14: ANALISIS DE PRECIOS UNITARIOS
J16: FECHA | K16: DD | L16: MM | M16: AA
A18: ITEMS DE LA PROPUESTA ECONÓMICA | G18: ITEMS NO PREVISTOS
A22: DATOS ESPECÍFICOS
A24: ITEM | B24: DESCRIPCIÓN | K24: UNIDAD | M24: CANTIDAD
A25: 1.2 | B25: SUMINISTRO Y TENDIDO DE CABLE ELECTRICO 4*16 AWG PARA CONTROL SEMAFOROS VEHICULARES.
A26: I. EQUIPO
A29: DESCRIPCIÓN | F29: MARCA | H29: TIPO | J29: TARIFA/HORA | K29: RENDIMIENTO | M29: Vr. UNITARIO
A30: HERRAMIENTA MENOR | H30: H/U | J30: 35000 | K30: 0.09 | M30: =TRUNC(J30*K30) -> 3150
A31: TALADROS | H31: H/U | M31: =+J31*K31 -> 0
A32: ESCALERAS Y ANDAMIOS | H32: H/U | M32: =+J32*K32 -> 0
A33: ARNES Y ELEMENTOS DE SUJECIÓN | H33: H/U | M33: =+J33*K33 -> 0
A34: CARRO GRUA | H34: H/U | J34: 80000 | K34: 0 | M34: =+J34*K34 -> 0
A35: SUBTOTAL $ | M35: =SUM(M30:M34) -> 3150
A36: II. MATERIALES
A39: DESCRIPCIÓN | I39: UNIDAD | J39: CANTIDAD | K39: PRECIO UNIT. | M39: Vr. UNITARIO
A40: CABLE ENCAUCHETADO 4X16 | I40: UN | J40: 1 | K40: =5772+127 -> 5899 | M40: =J40*K40 -> 5899
A41: ACCESORIOS DE FIJACION | I41: UN | J41: 0.1 | K41: 3500 | M41: =J41*K41 -> 350
M44: =J44*K44 -> 0
A45: SUBTOTAL $ | M45: =SUM(M40:M44) -> 6249
A46: III. TRANSPORTES
A49: MATERIAL | H49: UNIDAD | I49: UNIDAD | J49: CANTIDAD | K49: PRECIO UNIT. | M49: Vr. UNITARIO
A50: T.SITIO OBRA | J50: 1 | K50: 50 | M50: =J50*K50 -> 50
A52: SUBTOTAL $ | M52: =SUM(M50:M51) -> 50
A53: IV. MANO DE OBRA
A56: TRABAJADOR | H56: JORNAL | I56: PRESTACIONES | J56: JORNAL TOTAL | K56: RENDIMIENTO | M56: Vr. UNITARIO
A57: Oficial de primera | H57: 72668 | I57: =H57*0.75 -> 54501 | K57: 0 | M57: =TRUNC((H57+I57)*K57,0) -> 0
A58: Ayudante entendido. | H58: 49050 | I58: =H58*0.75 -> 36787.5 | K58: 0.05 | M58: =TRUNC((H58+I58)*K58,0) -> 4291
A59: Ayudante Raso. | H59: 41965 | I59: =H59*0.75 -> 31473.75 | K59: 0.05 | M59: =TRUNC((H59+I59)*K59,0) -> 3671
A60: Gestor Salud ocupacional | H60: 90832 | I60: =H60*0.75 -> 68124 | K60: 0.01 | M60: =TRUNC((H60+I60)*K60,0) -> 1589
A61: SUBTOTAL $ | M61: =SUM(M57:M60) -> 9551
A63: TOTAL COSTO DIRECTO $ | M63: =M61+M52+M45+M35 -> 19000
A64: V. COSTOS INDIRECTOS
A67: Descripción | J67: Porcentaje | K67: Valor Total
A68: ADMINISTRACION | J68: 0.16 | M68: =K68 -> 0
A69: IMPREVISTOS | J69: 0 | M69: =K69 -> 0
A70: UTILIDAD | J70: 0.05 | M70: =K70 -> 0
A71: SUBTOTAL $ | M71: =SUM(M68:M70) -> 0
A73: Precio Unitario Total Aproximado al peso $ | M73: =M63+M71 -> 19000
M78: a
A82: OBSERVACIONES INTERVENTORÍA
A86: APROBACIÓN POR INTERVENTORÍA
A87: Nota 1: Cuando se trate de Análisis de precios unitarios correspondientes a ítems de la propuesta económica aprobada, el Interventor aprueba el desglose de los componentes manteniendo el mismo precio unitario de cada ítem, cumpliendo con las especificaciones de construcción vigentes para el proyecto.
A89: Nota 2: Cuando se trate de Análisis de precios unitarios de ítems no previstos, el Interventor aprueba el desglose y precio unitario de cada ítem no previsto, exigiendo la aplicación de los costos correspondientes a insumos y tarifas de la propuesta económica inicial cuando estén contemplados, cumpliendo con las especificaciones de construcción vigente para el proyecto.

Sheet APU 3,8
A3: Formulario 1 - Propuesta económica - Documento tipo de selección abreviada de menor cuantía - versión 3
A4: Código | B4: CCE-EICP-FM-25 | C4: Versión | D4: 3
B9: MUICIPIO DE APARTADO
B10: SAMC-010-2025 | J10: VERSIÓN
J12: PÁGINA | K12: 1 | L12: DE | M12: 1
B14: ANALISIS DE PRECIOS UNITARIOS
J16: FECHA | K16: DD | L16: MM | M16: AA
A18: ITEMS DE LA PROPUESTA ECONÓMICA | G18: ITEMS NO PREVISTOS
A22: DATOS ESPECÍFICOS
A24: ITEM | B24: DESCRIPCIÓN | K24: UNIDAD | M24: CANTIDAD
A25: 1.2 | B25: SUMINISTRO Y TENDIDO DE CABLE ELECTRICO 3*16 AWG PARA CONTROL SEMAFOROS PEATONALES.
A26: I. EQUIPO
A29: DESCRIPCIÓN | F29: MARCA | H29: TIPO | J29: TARIFA/HORA | K29: RENDIMIENTO | M29: Vr. UNITARIO
A30: HERRAMIENTA MENOR | H30: H/U | J30: 35000 | K30: 0.06 | M30: =TRUNC(J30*K30) -> 2100
A31: TALADROS | H31: H/U | M31: =+J31*K31 -> 0
A32: ESCALERAS Y ANDAMIOS | H32: H/U | M32: =+J32*K32 -> 0
A33: ARNES Y ELEMENTOS DE SUJECIÓN | H33: H/U | M33: =+J33*K33 -> 0
A34: CARRO GRUA | H34: H/U | J34: 40000 | K34: 0 | M34: =+J34*K34 -> 0
A35: SUBTOTAL $ | M35: =SUM(M30:M34) -> 2100
A36: II. MATERIALES
A39: DESCRIPCIÓN | I39: UNIDAD | J39: CANTIDAD | K39: PRECIO UNIT. | M39: Vr. UNITARIO
A40: CABLE ENCAUCHETADO 3X16 | I40: UN | J40: 1 | K40: =3500+127 -> 3627 | M40: =J40*K40 -> 3627
A41: ACCESORIOS DE FIJACION | I41: UN | J41: 0.5 | K41: 3500 | M41: =J41*K41 -> 1750
M44: =J44*K44 -> 0
A45: SUBTOTAL $ | M45: =SUM(M40:M44) -> 5377
A46: III. TRANSPORTES
A49: MATERIAL | H49: UNIDAD | I49: UNIDAD | J49: CANTIDAD | K49: PRECIO UNIT. | M49: Vr. UNITARIO
A50: T.SITIO OBRA | J50: 1 | K50: 50 | M50: =J50*K50 -> 50
A52: SUBTOTAL $ | M52: =SUM(M50:M51) -> 50
A53: IV. MANO DE OBRA
A56: TRABAJADOR | H56: JORNAL | I56: PRESTACIONES | J56: JORNAL TOTAL | K56: RENDIMIENTO | M56: Vr. UNITARIO
A57: Oficial de primera | H57: 72668 | I57: =H57*0.75 -> 54501 | K57: 0 | M57: =TRUNC((H57+I57)*K57,0) -> 0
A58: Ayudante entendido. | H58: 49050 | I58: =H58*0.75 -> 36787.5 | K58: 0.05 | M58: =TRUNC((H58+I58)*K58,0) -> 4291
A59: Ayudante Raso. | H59: 41965 | I59: =H59*0.75 -> 31473.75 | K59: 0.05 | M59: =TRUNC((H59+I59)*K59,0) -> 3671
A60: Gestor Salud ocupacional | H60: 90832 | I60: =H60*0.75 -> 68124 | K60: 0.01 | M60: =TRUNC((H60+I60)*K60,0) -> 1589
A61: SUBTOTAL $ | M61: =SUM(M57:M60) -> 9551
A63: TOTAL COSTO DIRECTO $ | M63: =M61+M52+M45+M35 -> 17078
A64: V. COSTOS INDIRECTOS
A67: Descripción | J67: Porcentaje | K67: Valor Total
A68: ADMINISTRACION | J68: 0.16 | M68: =K68 -> 0
A69: IMPREVISTOS | J69: 0 | M69: =K69 -> 0
A70: UTILIDAD | J70: 0.05 | M70: =K70 -> 0
A71: SUBTOTAL $ | M71: =SUM(M68:M70) -> 0
A73: Precio Unitario Total Aproximado al peso $ | M73: =M63+M71 -> 17078
M78: a
A82: OBSERVACIONES INTERVENTORÍA
A86: APROBACIÓN POR INTERVENTORÍA
A87: Nota 1: Cuando se trate de Análisis de precios unitarios correspondientes a ítems de la propuesta económica aprobada, el Interventor aprueba el desglose de los componentes manteniendo el mismo precio unitario de cada ítem, cumpliendo con las especificaciones de construcción vigentes para el proyecto.
A89: Nota 2: Cuando se trate de Análisis de precios unitarios de ítems no previstos, el Interventor aprueba el desglose y precio unitario de cada ítem no previsto, exigiendo la aplicación de los costos correspondientes a insumos y tarifas de la propuesta económica inicial cuando estén contemplados, cumpliendo con las especificaciones de construcción vigente para el proyecto.

Sheet APU 3,9
A3: Formulario 1 - Propuesta económica - Documento tipo de selección abreviada de menor cuantía - versión 3
A4: Código | B4: CCE-EICP-FM-25 | C4: Versión | D4: 3
B9: MUICIPIO DE APARTADO
B10: SAMC-010-2025 | J10: VERSIÓN
J12: PÁGINA | K12: 1 | L12: DE | M12: 1
B14: ANALISIS DE PRECIOS UNITARIOS
J16: FECHA | K16: DD | L16: MM | M16: AA
A18: ITEMS DE LA PROPUESTA ECONÓMICA | G18: ITEMS NO PREVISTOS
A22: DATOS ESPECÍFICOS
A24: ITEM | B24: DESCRIPCIÓN | K24: UNIDAD | M24: CANTIDAD
A25: 1.2 | B25: SUMINISTRO Y TENDIDO DE CABLE ELECTRICO 2*8 AWG PARA ACOMETIDO.
A26: I. EQUIPO
A29: DESCRIPCIÓN | F29: MARCA | H29: TIPO | J29: TARIFA/HORA | K29: RENDIMIENTO | M29: Vr. UNITARIO
A30: HERRAMIENTA MENOR | H30: H/U | J30: 35000 | K30: 0.05 | M30: =TRUNC(J30*K30) -> 1750
A31: TALADROS | H31: H/U | M31: =+J31*K31 -> 0
A32: ESCALERAS Y ANDAMIOS | H32: H/U | M32: =+J32*K32 -> 0
A33: ARNES Y ELEMENTOS DE SUJECIÓN | H33: H/U | M33: =+J33*K33 -> 0
A34: CARRO GRUA | H34: H/U | J34: 63000 | K34: 1 | M34: =+J34*K34 -> 63000
A35: SUBTOTAL $ | M35: =SUM(M30:M34) -> 64750
A36: II. MATERIALES
A39: DESCRIPCIÓN | I39: UNIDAD | J39: CANTIDAD | K39: PRECIO UNIT. | M39: Vr. UNITARIO
A40: CABLE 3X8 ANTIFRAUDE | I40: UN | J40: 1 | K40: 13500 | M40: =J40*K40 -> 13500
M44: =J44*K44 -> 0
A45: SUBTOTAL $ | M45: =SUM(M40:M44) -> 13500
A46: III. TRANSPORTES
A49: MATERIAL | H49: UNIDAD | I49: UNIDAD | J49: CANTIDAD | K49: PRECIO UNIT. | M49: Vr. UNITARIO
A50: T.SITIO OBRA | J50: 1 | K50: 0 | M50: =J50*K50 -> 0
A52: SUBTOTAL $ | M52: =SUM(M50:M51) -> 0
A53: IV. MANO DE OBRA
A56: TRABAJADOR | H56: JORNAL | I56: PRESTACIONES | J56: JORNAL TOTAL | K56: RENDIMIENTO | M56: Vr. UNITARIO
A57: Oficial de primera | H57: 72668 | I57: =H57*0.75 -> 54501 | K57: 0.05 | M57: =TRUNC((H57+I57)*K57,0) -> 6358
A58: Ayudante entendido. | H58: 49050 | I58: =H58*0.75 -> 36787.5 | K58: 0.04 | M58: =TRUNC((H58+I58)*K58,0) -> 3433
A59: Ayudante Raso. | H59: 41965 | I59: =H59*0.75 -> 31473.75 | K59: 0.05 | M59: =TRUNC((H59+I59)*K59,0) -> 3671
A60: Gestor Salud ocupacional | H60: 90832 | I60: =H60*0.75 -> 68124 | K60: 0.01 | M60: =TRUNC((H60+I60)*K60,0) -> 1589
A61: SUBTOTAL $ | M61: =SUM(M57:M60) -> 15051
A63: TOTAL COSTO DIRECTO $ | M63: =M61+M52+M45+M35 -> 93301
A64: V. COSTOS INDIRECTOS
A67: Descripción | J67: Porcentaje | K67: Valor Total
A68: ADMINISTRACION | J68: 0.16 | M68: =K68 -> 0
A69: IMPREVISTOS | J69: 0 | M69: =K69 -> 0
A70: UTILIDAD | J70: 0.05 | M70: =K70 -> 0
A71: SUBTOTAL $ | M71: =SUM(M68:M70) -> 0
A73: Precio Unitario Total Aproximado al peso $ | M73: =M63+M71 -> 93301
M78: a
A82: OBSERVACIONES INTERVENTORÍA
A86: APROBACIÓN POR INTERVENTORÍA
A87: Nota 1: Cuando se trate de Análisis de precios unitarios correspondientes a ítems de la propuesta económica aprobada, el Interventor aprueba el desglose de los componentes manteniendo el mismo precio unitario de cada ítem, cumpliendo con las especificaciones de construcción vigentes para el proyecto.
A89: Nota 2: Cuando se trate de Análisis de precios unitarios de ítems no previstos, el Interventor aprueba el desglose y precio unitario de cada ítem no previsto, exigiendo la aplicación de los costos correspondientes a insumos y tarifas de la propuesta económica inicial cuando estén contemplados, cumpliendo con las especificaciones de construcción vigente para el proyecto.

Sheet APU 3,10
A3: Formulario 1 - Propuesta económica - Documento tipo de selección abreviada de menor cuantía - versión 3
A4: Código | B4: CCE-EICP-FM-25 | C4: Versión | D4: 3
B8: MUICIPIO DE APARTADO
B9: SAMC-010-2025
J10: VERSIÓN
B11: [NÚMERO DEL PROCESO]
J12: PÁGINA | K12: 1 | L12: DE | M12: 1
B14: ANALISIS DE PRECIOS UNITARIOS
J16: FECHA | K16: DD | L16: MM | M16: AA
A18: ITEMS DE LA PROPUESTA ECONÓMICA | G18: ITEMS NO PREVISTOS
A22: DATOS ESPECÍFICOS
A24: ITEM | B24: DESCRIPCIÓN | K24: UNIDAD | M24: CANTIDAD
A25: 1.2 | B25: MONTAJE E INSTALACION DE UN SISTEMA DE ENERGIA CON EL GABINETE CONTADOR, TOTALIZADOR EN POSTE Y SU LEGALIZADOR.INCLUYE MATERIALES
A26: I. EQUIPO
A29: DESCRIPCIÓN | F29: MARCA | H29: TIPO | J29: TARIFA/HORA | K29: RENDIMIENTO | M29: Vr. UNITARIO
A30: HERRAMIENTA MENOR | H30: H/U | J30: 35000 | K30: 1 | M30: =TRUNC(J30*K30) -> 35000
A31: TALADROS | H31: H/U | M31: =+J31*K31 -> 0
A32: ESCALERAS Y ANDAMIOS | H32: H/U | M32: =+J32*K32 -> 0
A33: ARNES Y ELEMENTOS DE SUJECIÓN | H33: H/U | M33: =+J33*K33 -> 0
A34: CARRO GRUA | H34: H/U | J34: 80000 | K34: 1 | M34: =+J34*K34 -> 80000
A35: SUBTOTAL $ | M35: =SUM(M30:M34) -> 115000
A36: II. MATERIALES
A39: DESCRIPCIÓN | I39: UNIDAD | J39: CANTIDAD | K39: PRECIO UNIT. | M39: Vr. UNITARIO
A40: GAB.MET, TIPO POSTE | I40: UN | J40: 1 | K40: 505668 | M40: =J40*K40 -> 505668
A41: CONTADOR TRIFILAR 220V | I41: UN | J41: 1 | K41: 205000 | M41: =J41*K41 -> 205000
A42: TOTALIZADOR 2X40AMP | I42: UN | J42: 1 | K42: 350000 | M42: =J42*K42 -> 350000
A43: DECLARACION RETIE | I43: UN | J43: 1 | K43: 650000 | M43: =J43*K43 -> 650000
A44: LEGALIZACION ANRE EPM | I44: UN | J44: 1 | K44: 466495 | M44: =J44*K44 -> 466495
M45: =J45*K45 -> 0
A46: SUBTOTAL $ | M46: =SUM(M40:M45) -> 2177163
A47: III. TRANSPORTES
A50: MATERIAL | H50: UNIDAD | I50: UNIDAD | J50: CANTIDAD | K50: PRECIO UNIT. | M50: Vr. UNITARIO
A51: T.SITIO OBRA | J51: 1 | K51: =54475+31000+3000+161-35+8-2 -> 88607 | M51: =J51*K51 -> 88607
A53: SUBTOTAL $ | M53: =SUM(M51:M52) -> 88607
A54: IV. MANO DE OBRA
A57: TRABAJADOR | H57: JORNAL | I57: PRESTACIONES | J57: JORNAL TOTAL | K57: RENDIMIENTO | M57: Vr. UNITARIO
A58: Oficial de primera | H58: 72668 | I58: =H58*0.75 -> 54501 | K58: 1 | M58: =TRUNC((H58+I58)*K58,0) -> 127169
A59: Ayudante entendido. | H59: 49050 | I59: =H59*0.75 -> 36787.5 | K59: 1 | M59: =TRUNC((H59+I59)*K59,0) -> 85837
A60: Ayudante Raso. | H60: 41965 | I60: =H60*0.75 -> 31473.75 | K60: 1 | M60: =TRUNC((H60+I60)*K60,0) -> 73438
A61: Gestor Salud ocupacional | H61: 90832 | I61: =H61*0.75 -> 68124 | K61: 1 | M61: =TRUNC((H61+I61)*K61,0) -> 158956
A62: SUBTOTAL $ | M62: =SUM(M58:M61) -> 445400
A64: TOTAL COSTO DIRECTO $ | M64: =M62+M53+M46+M35 -> 2826170
A65: V. COSTOS INDIRECTOS
A68: Descripción | J68: Porcentaje | K68: Valor Total
A69: ADMINISTRACION | J69: 0.16 | M69: =K69 -> 0
A70: IMPREVISTOS | J70: 0 | M70: =K70 -> 0
A71: UTILIDAD | J71: 0.05 | M71: =K71 -> 0
A72: SUBTOTAL $ | M72: =SUM(M69:M71) -> 0
A74: Precio Unitario Total Aproximado al peso $ | M74: =M64+M72 -> 2826170
M79: a
A83: OBSERVACIONES INTERVENTORÍA
A87: APROBACIÓN POR INTERVENTORÍA
A88: Nota 1: Cuando se trate de Análisis de precios unitarios correspondientes a ítems de la propuesta económica aprobada, el Interventor aprueba el desglose de los componentes manteniendo el mismo precio unitario de cada ítem, cumpliendo con las especificaciones de construcción vigentes para el proyecto.
A90: Nota 2: Cuando se trate de Análisis de precios unitarios de ítems no previstos, el Interventor aprueba el desglose y precio unitario de cada ítem no previsto, exigiendo la aplicación de los costos correspondientes a insumos y tarifas de la propuesta económica inicial cuando estén contemplados, cumpliendo con las especificaciones de construcción vigente para el proyecto.

Sheet calculo APU
E1: MUCIPIO DE APARTADO
A2: ANALISIS DEL AIU SAMC 10-2025
A3: A | C3: 219671930 | E3: ADMINISTRACION | I3: =+ROUND(I25,2) -> 0.17
A4: DURACIÓN DE LA OBRA | C4: 3 | D4: MESES | E4: IMPREVISTOS | I4: =+ROUND(I26,2) -> 0
A5: AIU CALCULADO | C5: =SUM(I3:I5) -> 0.22 | E5: UTILIDAD | I5: =+ROUND(I27,2) -> 0.05
A7: ITEM | B7: COSTOS ADMINISTRATIVOS | C7: VALOR MENSUAL $ | D7: CANTIDAD | E7: DEDICACIÓN MENSUAL % | F7: MESES | G7: VALOR PARCIAL $ | I7: % SOBRE COSTOS DIRECTOS
A8: 1 | B8: PERSONAL PROFESIONAL Y TÉCNICO (Incluye Prestaciones sociales) | G8: =SUM(G9:G10) -> 24462999 | I8: =SUM(I9:I10) -> 0.11136152
A9: 1.1 | B9: Director de Obra | C9: =4633333-79000 -> 4554333 | D9: 1 | E9: 1 | F9: 3 | G9: =+F9*E9*D9*C9 -> 13662999 | I9: =+G9/$C$3 -> 0.062197291
A10: 1.2 | B10: Auxiliar Administrativa | C10: =1800000 -> 1800000 | D10: 2 | E10: 1 | F10: 3 | G10: =+F10*E10*D10*C10 -> 10800000 | I10: =+G10/$C$3 -> 0.049164224
A11: 3 | B11: GASTOS OPERACIONALES | G11: =SUM(G12:G13) -> 3563685 | I11: =SUM(I12:I13) -> 0.01622276
A12: 3.1 | B12: Costo de oficina central, incluye servicios públicos | C12: =994334-1439 -> 992895 | D12: 1 | E12: 1 | F12: 3 | G12: =+F12*E12*D12*C12 -> 2978685 | I12: =+G12/$C$3 -> 0.013559698
A13: 3.2 | B13: Costo de papeleria, impresiones, comunicaciones, etc. | C13: 195000 | D13: 1 | E13: 1 | F13: 3 | G13: =+F13*E13*D13*C13 -> 585000 | I13: =+G13/$C$3 -> 0.0026630621
A14: 4 | B14: OTROS COSTOS FIJOS | G14: =+SUM(G16:G17) -> 3233949 | I14: =+SUM(I16:I17) -> 0.014721722
A15: 4.1 | B15: PLAN DE GESTION INTEGRAL DE OBRA
A16: 4.1.1 | B16: Implementos de seguridad y señalización de obra | C16: =525000+22169 -> 547169 | D16: 1 | F16: 3 | G16: =+C16*D16*F16 -> 1641507 | I16: =+G16/$C$3 -> 0.0074725387
A17: 4.1.2 | B17: Implementos de protección | C17: =480000+19000+9644+22169+1 -> 530814 | D17: 1 | F17: 3 | G17: =+C17*D17*F17 -> 1592442 | I17: =+G17/$C$3 -> 0.0072491829
A18: 5 | G18: =SUM(G20:G20) -> 5359995 | I18: =+SUM(I20:I20) -> 0.0244
B19: RETENCIONES | D19: Base gravable | F19: Porcentaje [%]
B20: Retefuente | D20: 267999755 | F20: 0.02 | G20: =+ROUND($D$20*F20,0) -> 5359995 | I20: =+G20/$C$3 -> 0.0244
A21: 6 | B21: LEGALIZACION Y PERFECCIONAMIENTO DEL CONTRATO | G21: =SUM(H23:H23) -> 723599 | I21: =SUM(I22:I23) -> 0.0032939985
B22: Descripcion | D22: % Asegurado | E22: Base asegurada | G22: %costo | H22: V. Parcial
A23: 7.1 | B23: Polizas | E23: 267999755 | G23: 0.0027 | H23: =ROUND($E$23*G23,0) -> 723599 | I23: =+H23/$C$3 -> 0.0032939985
B25: TOTAL COSTOS ADMINISTRATIVOS | G25: =+G8+G11+G14+G18+G21 -> 37344227 | I25: 0.17
B26: RESERVA PARA IMPREVISTOS | G26: =+$C$3*I26 -> 0
B27: UTILIDAD ESPERADA | G27: =+$C$3*I27 -> 10983596 | I27: 0.05
